Workbook
Name __10: oIndikatoren!$A$113
Name __11: oIndikatoren!$A$125
Name __12: oIndikatoren!$A$137
Name __13: oIndikatoren!$A$149
Name __14: oIndikatoren!$A$161
Name __15: oIndikatoren!$A$173
Name __16: oIndikatoren!$A$185
Name __17: oIndikatoren!$A$197
Name __18: oIndikatoren!$A$209
Name __19: oIndikatoren!$A$221
Name __20: oIndikatoren!$A$233
Name __21: oIndikatoren!$A$245
Name __22: oIndikatoren!$A$257
Name __23: oIndikatoren!$A$269
Name __24: oIndikatoren!$A$281
Name __25: oIndikatoren!$A$293
Name __26: oIndikatoren!$A$305
Name __27: oIndikatoren!$A$317
Name __28: oIndikatoren!$A$329
Name __29: oIndikatoren!$A$341
Name __30: oIndikatoren!$A$353
Name __31: oIndikatoren!$A$365
Name __32: oIndikatoren!$A$377
Name __33: oIndikatoren!$A$389
Name __34: oIndikatoren!$A$401
Name __35: oIndikatoren!$A$413
Name __36: oIndikatoren!$A$425
Name __37: oIndikatoren!$A$437
Name __38: oIndikatoren!$A$449
Name __39: oIndikatoren!$A$461
Name __40: oIndikatoren!$A$473
Name __41: oIndikatoren!$A$485
Name __42: oIndikatoren!$A$497
Name __43: oIndikatoren!$A$509
Name __44: oIndikatoren!$A$521
Name __45: oIndikatoren!$A$533
Name __46: oIndikatoren!$A$545
Name __47: oIndikatoren!$A$557
Name __48: oIndikatoren!$A$569
Name __49: oIndikatoren!$A$581
Name __50: oIndikatoren!$A$593
Name __51: oIndikatoren!$A$605
Name __52: oIndikatoren!$A$617
Name __53: oIndikatoren!$A$629
Name __54: oIndikatoren!$A$641
Name __55: oIndikatoren!$A$653
Name __56: oIndikatoren!$A$665
Name __57: oIndikatoren!$A$677
Name __58: oIndikatoren!$A$689
Name __59: oIndikatoren!$A$701
Name __60: oIndikatoren!$A$713
Name __61: oIndikatoren!$A$725
Name __62: oIndikatoren!$A$737
Name __63: oIndikatoren!$A$749
Name __64: oIndikatoren!$A$761
Name __65: oIndikatoren!$A$773
Name __66: oIndikatoren!$A$785
Name __67: oIndikatoren!$A$797
Name __68: oIndikatoren!$A$809
Name __69: oIndikatoren!$A$821

Sheet  
A1: =OFFSET($C1,0,$Z$5-1) -> Français | C1: Deutsch | D1: Français | E1: English | F1: Italiano
A2: Aktuelle Sprache | C2: Sprache 1 | D2: Sprache 2 | E2: Sprache 3 | F2: Sprache 4 | G2: Sprache 5
A3: Aktuell angezeigte Sprache | C3: Deutsch | D3: Français | E3: English | F3: Italiano | G3: 5_???
B4: 2 | Z4: 55153
A5: =OFFSET($C5,0,$Z$5-1) -> C O M M U N I C A T I O N | C5: K O M M U N I K A T I O N | D5: C O M M U N I C A T I O N | E5: C O M M U N I C A T I O N | G5: contact info@2imanagement.ch | Z5: =IF(AND(Menu!C36="© iManagement • s.imboden • www.2iManagement.ch", Stakeholder!B25="© iManagement • s.imboden • www.2iManagement.ch", TODAY()<=$Z$4), $B$4,5) -> 2
A6: =OFFSET($C6,0,$Z$5-1) -> Phases | C6: Phasen | D6: Phases | E6: Phases | G6: contact info@2imanagement.ch | Z6: Deutsch
A7: =OFFSET($C7,0,$Z$5-1) -> Questions | C7: Fragen | D7: Questions | E7: Questions | G7: contact info@2imanagement.ch | Z7: Français
A8: =OFFSET($C8,0,$Z$5-1) -> Outils | C8: Instrumente | D8: Outils | E8: Instruments | G8: contact info@2imanagement.ch | Z8: English
A9: =OFFSET($C9,0,$Z$5-1) -> externe | C9: extern | D9: externe | E9: External | G9: contact info@2imanagement.ch
A10: =OFFSET($C10,0,$Z$5-1) -> interne | C10: intern | D10: interne | E10: Internal | G10: contact info@2imanagement.ch
A11: =OFFSET($C11,0,$Z$5-1) -> Analyse de la situation | C11: Situationsanalyse | D11: Analyse de la situation | E11: Situation analysis | G11: contact info@2imanagement.ch
A12: =OFFSET($C12,0,$Z$5-1) -> ÉTAT actuel | C12: IST-Zustand | D12: ÉTAT actuel | E12: ACTUAL state | G12: contact info@2imanagement.ch
A13: =OFFSET($C13,0,$Z$5-1) -> Objectifs & Mesures | C13: Ziele & Massnahmen | D13: Objectifs & Mesures | E13: Objectives & Measures | G13: contact info@2imanagement.ch
A14: =OFFSET($C14,0,$Z$5-1) -> ÉTAT futur | C14: SOLL-Zustand | D14: ÉTAT futur | E14: TARGET state | G14: contact info@2imanagement.ch
A15: =OFFSET($C15,0,$Z$5-1) -> Scénarios | C15: Szenarien | D15: Scénarios | E15: Scenarios | G15: contact info@2imanagement.ch
A16: =OFFSET($C16,0,$Z$5-1) -> Mis à jour le : | C16: Aktualisiert am: | D16: Mis à jour le : | E16: Updated on: | G16: contact info@2imanagement.ch
A17: =OFFSET($C17,0,$Z$5-1) -> 1. Stakeholder | C17: 1. Stakeholder | D17: 1. Stakeholder | E17: 1. Stakeholder | G17: contact info@2imanagement.ch
A18: =OFFSET($C18,0,$Z$5-1) -> 2. PESTEL | C18: 2. PESTEL | D18: 2. PESTEL | E18: 2. PESTEL | G18: contact info@2imanagement.ch
A19: =OFFSET($C19,0,$Z$5-1) -> 5. Objectifs | C19: 5. Ziele | D19: 5. Objectifs | E19: 5. Objectives | G19: contact info@2imanagement.ch
A20: =OFFSET($C20,0,$Z$5-1) -> 6. Groupe cible | C20: 6. Zielgruppe | D20: 6. Groupe cible | E20: 6. Target group | G20: contact info@2imanagement.ch
... A42: =OFFSET($C42,0,$Z$5-1) -> Budget | C42: Budget | D42: Budget | E42: Budget | G42: contact info@2imanagement.ch
A43: =OFFSET($C43,0,$Z$5-1) -> Plan marketing | C43: Marketing-plan | D43: Plan marketing | E43: Marketing Plan
A44: =OFFSET($C44,0,$Z$5-1) -> Chaîne de valeur | C44: Wertschöpfungs-kette | D44: Chaîne de valeur | E44: Value chain | G44: contact info@2imanagement.ch
A45: =OFFSET($C45,0,$Z$5-1) -> Votre logo: | C45: Ihr Logo: | D45: Votre logo: | E45: Your logo: | F45: Vostro logo:
A46: =OFFSET($C46,0,$Z$5-1) -> A N A L Y S E D E S P A R T I E S P R E N A N T E S | C46: S T A K E H O L D E R - A N A L Y S E | D46: A N A L Y S E D E S P A R T I E S P R E N A N T E S | E46: S T A K E H O L D E R A N A L Y S I S | F46: A N A L I S I D E G L I S T A K E H O L D E R | G46: contact info@2imanagement.ch
A47: =OFFSET($C47,0,$Z$5-1) -> Contexte large | C47: weites Umfeld | D47: Contexte large | E47: Wider environment | F47: Contesto ampio | G47: contact info@2imanagement.ch
A48: =OFFSET($C48,0,$Z$5-1) -> Contexte restreint | C48: nahes Umfeld | D48: Contexte restreint | E48: Immediate environment | F48: Contesto ristretto | G48: contact info@2imanagement.ch
A49: =OFFSET($C49,0,$Z$5-1) -> interne | C49: intern | D49: interne | E49: Internal | F49: interno | G49: contact info@2imanagement.ch
A50: =OFFSET($C50,0,$Z$5-1) -> Nous | C50: Wir | D50: Nous | E50: Us | F50: Noi | G50: contact info@2imanagement.ch
A51: =OFFSET($C51,0,$Z$5-1) -> contacts fréquents | C51: häufiger Kontakt | D51: contacts fréquents | E51: Frequent contacts | F51: Contatti frequenti | G51: contact info@2imanagement.ch
A52: =OFFSET($C52,0,$Z$5-1) -> contacts réguliers | C52: regelmässiger Kontakt | D52: contacts réguliers | E52: Regular contacts | F52: Contatti regolari | G52: contact info@2imanagement.ch
A53: =OFFSET($C53,0,$Z$5-1) -> contacts rares | C53: seltener Kontakt | D53: contacts rares | E53: Rare contacts | F53: Contatti rari | G53: contact info@2imanagement.ch
A54: =OFFSET($C54,0,$Z$5-1) -> grande | C54: hoch | D54: grande | E54: High | F54: alto | G54: contact info@2imanagement.ch
A55: =OFFSET($C55,0,$Z$5-1) -> grand | C55: gross | D55: grand | E55: Big | F55: grande | G55: contact info@2imanagement.ch
A56: =OFFSET($C56,0,$Z$5-1) -> Influence des parties prenantes | C56: Einfluss der Stakeholder | D56: Influence des parties prenantes | E56: Stakeholder influence | F56: Influsso degli stakeholder | G56: contact info@2imanagement.ch
A57: =OFFSET($C57,0,$Z$5-1) -> petite | C57: gering | D57: petite | E57: Low | F57: basso | G57: contact info@2imanagement.ch
... A69: =OFFSET($C69,0,$Z$5-1) -> A N A L Y S E D E S P A R T I E S P R E N A N T E S | C69: S T A K E H O L D E R - A N A L Y S E | D69: A N A L Y S E D E S P A R T I E S P R E N A N T E S | E69: S T A K E H O L D E R A N A L Y S I S | F69: A N A L I S I D E G L I S T A K E H O L D E R | G69: contact info@2imanagement.ch
A70: =OFFSET($C70,0,$Z$5-1) -> Maintenir satisfait | C70: Zufrieden halten | D70: Maintenir satisfait | E70: Keep satisfied | F70: mantenere soddisfatto
A71: =OFFSET($C71,0,$Z$5-1) -> Surveiller | C71: Beobachten | D71: Surveiller | E71: Monitor | F71: monitorare
A72: =OFFSET($C72,0,$Z$5-1) -> Tenir informé | C72: Informiert halten | D72: Tenir informé | E72: Keep informed | F72: tenere informati
A73: =OFFSET($C73,0,$Z$5-1) -> Suivre de près | C73: Intensive Betreuung | D73: Suivre de près | E73: Manage closely | F73: gestire strettamente
A74: =OFFSET($C74,0,$Z$5-1) -> A N A L Y S E P E S T E L | C74: P E S T E L - A N A L Y S E | D74: A N A L Y S E P E S T E L | E74: P E S T E L A N A L Y S I S | F74: A N A L I S I P E S T E L | G74: contact info@2imanagement.ch
A75: =OFFSET($C75,0,$Z$5-1) -> Facteurs d'influence politique | C75: Politische Einflussfaktoren | D75: Facteurs d'influence politique | E75: Political influence factors | F75: Fattori d'influsso politico | G75: contact info@2imanagement.ch
A76: =OFFSET($C76,0,$Z$5-1) -> No. | C76: Nr. | D76: No. | E76: No. | F76: N. | G76: contact info@2imanagement.ch
A77: =OFFSET($C77,0,$Z$5-1) -> Facteurs d'influence | C77: Einflussfaktoren | D77: Facteurs d'influence | E77: Influence factors | F77: Fattori d'influsso | G77: contact info@2imanagement.ch
A78: =OFFSET($C78,0,$Z$5-1) -> Impact | C78: Auswirkungen | D78: Impact | E78: Consequences | F78: Impatto | G78: contact info@2imanagement.ch
A79: =OFFSET($C79,0,$Z$5-1) -> Intensité de l'impact | C79: Stärke der Auswirkung | D79: Intensité de l'impact | E79: Impact of consequences | F79: Intensità dell'impatto | G79: contact info@2imanagement.ch
A80: =OFFSET($C80,0,$Z$5-1) -> Ten- dance | C80: Trend | D80: Ten- dance | E80: Trend | F80: Ten- denza | G80: contact info@2imanagement.ch
A81: =OFFSET($C81,0,$Z$5-1) -> Mesures possibles | C81: Mögliche Massnahmen | D81: Mesures possibles | E81: Possible measures | F81: Misure possibili | G81: contact info@2imanagement.ch
A82: =OFFSET($C82,0,$Z$5-1) -> Statut | C82: Status | D82: Statut | E82: Status | F82: Statuto | G82: contact info@2imanagement.ch
A83: =OFFSET($C83,0,$Z$5-1) -> Facteurs d'influence économique | C83: Ökonomische Einflussfaktoren | D83: Facteurs d'influence économique | E83: Economical influence factors | F83: Fattori d'influsso economico | G83: contact info@2imanagement.ch
A84: =OFFSET($C84,0,$Z$5-1) -> Facteurs d'influence sociologique | C84: Soziologische Einflussfaktoren | D84: Facteurs d'influence sociologique | E84: Sociological influence factors | F84: Fattori d'influsso sociologico | G84: contact info@2imanagement.ch
A85: =OFFSET($C85,0,$Z$5-1) -> Facteurs d'influence technologique | C85: Technologische Einflussfaktoren | D85: Facteurs d'influence technologique | E85: Technological influence factors | F85: Fattori d'influsso tecnologico | G85: contact info@2imanagement.ch
... A87: =OFFSET($C87,0,$Z$5-1) -> Facteurs d'influence législative | C87: Rechtliche Einflussfaktoren | D87: Facteurs d'influence législative | E87: Legal influence factors | F87: Fattori d'influsso legislativo | G87: contact info@2imanagement.ch
A88: =OFFSET($C88,0,$Z$5-1) -> Maintenir satisfait | C88: Zufrieden halten | D88: Maintenir satisfait | E88: Keep satisfied | F88: mantenere soddisfatto
A89: =OFFSET($C89,0,$Z$5-1) -> Surveiller | C89: Beobachten | D89: Surveiller | E89: Monitor | F89: monitorare
A90: =OFFSET($C90,0,$Z$5-1) -> Tenir informé | C90: Informiert halten | D90: Tenir informé | E90: Keep informed | F90: tenere informati
A91: =OFFSET($C91,0,$Z$5-1) -> Suivre de près | C91: Intensive Betreuung | D91: Suivre de près | E91: Manage closely | F91: gestire strettamente
A92: =OFFSET($C92,0,$Z$5-1) -> R I S Q U E S C O M M U N I C A T I O N | C92: R I S I K E N K O M M U N I K A T I O N | D92: R I S Q U E S C O M M U N I C A T I O N | E92: R I S K S C O M M U N I C A T I O N | F92: R I S C H I C O M M U N I C A Z I O N E | G92: contact info@2imanagement.ch
A93: =OFFSET($C93,0,$Z$5-1) -> Probabilité d'occurrence | C93: Eintretenswahr-scheinlichkeit | D93: Probabilité d'occurrence | E93: Probability of occurrence | F93: Probabilità di accadimento | G93: contact info@2imanagement.ch
A94: =OFFSET($C94,0,$Z$5-1) -> élevée | C94: hoch | D94: élevée | E94: High | F94: elevata | G94: contact info@2imanagement.ch
A95: =OFFSET($C95,0,$Z$5-1) -> moyenne | C95: mittel | D95: moyenne | E95: Medium | F95: media | G95: contact info@2imanagement.ch
A96: =OFFSET($C96,0,$Z$5-1) -> faible | C96: gering | D96: faible | E96: Low | F96: bassa | G96: contact info@2imanagement.ch
A97: =OFFSET($C97,0,$Z$5-1) -> Étendue des dégâts | C97: Schadensausmass | D97: Étendue des dégâts | E97: Extent of damage | F97: Entità dei danni | G97: contact info@2imanagement.ch
A98: =OFFSET($C98,0,$Z$5-1) -> Aucune action nécessaire | C98: Kein Handlungsbedarf | D98: Aucune action nécessaire | E98: No need for action | F98: Nessun intervento necessario | G98: contact info@2imanagement.ch
A99: =OFFSET($C99,0,$Z$5-1) -> Action nécessaire | C99: Handlungsbedarf | D99: Action nécessaire | E99: Need for action | F99: Intervento necessario | G99: contact info@2imanagement.ch
A100: =OFFSET($C100,0,$Z$5-1) -> Action urgente | C100: Akuter Handlungsbedarf | D100: Action urgente | E100: Urgent need for action | F100: Intervento urgente | G100: contact info@2imanagement.ch
A101: =OFFSET($C101,0,$Z$5-1) -> No. | C101: Nr. | D101: No. | E101: No. | F101: N. | G101: contact info@2imanagement.ch
A102: =OFFSET($C102,0,$Z$5-1) -> Risque | C102: Risiko | D102: Risque | E102: Risk | F102: Rischio | G102: contact info@2imanagement.ch
A103: =OFFSET($C103,0,$Z$5-1) -> Impact | C103: Auswirkungen | D103: Impact | E103: Consequences | F103: Impatto | G103: contact info@2imanagement.ch
... A116: =OFFSET($C116,0,$Z$5-1) -> Concurrence | C116: Konkurrenz | D116: Concurrence | E116: Competition | F116: Concorrenza | G116: contact info@2imanagement.ch
A117: =OFFSET($C117,0,$Z$5-1) -> différence: | C117: Differenz: | D117: différence: | E117: difference: | F117: differenza:
A118: =OFFSET($C118,0,$Z$5-1) -> ≥ 1 | C118: ≥ 1 | D118: ≥ 1 | E118: ≥ 1 | F118: ≥ 1
A119: =OFFSET($C119,0,$Z$5-1) -> ≤ 1 | C119: ≤ 1 | D119: ≤ 1 | E119: ≤ 1 | F119: ≤ 1
A120: =OFFSET($C120,0,$Z$5-1) -> = 0 | C120: = 0 | D120: = 0 | E120: = 0 | F120: = 0
A121: =OFFSET($C121,0,$Z$5-1) -> A N A L Y S E S W O T C O M M U N I C A T I O N | C121: S W O T - A N A L Y S E K O M M U N I K A T I O N | D121: A N A L Y S E S W O T C O M M U N I C A T I O N | E121: S W O T A N A L Y S I S C O M M U N I C A T I O N | F121: A N A L I S I S W O T C O M M U N I C A Z I O N E | G121: contact info@2imanagement.ch
A122: =OFFSET($C122,0,$Z$5-1) -> Forces / faiblesses -> facteurs internes | C122: Stärken / Schwächen -> interne Faktoren | D122: Forces / faiblesses -> facteurs internes | E122: Strengths / Weaknesses -> internal factors | F122: Punti di forza / debolezza -> fattori interni | G122: contact info@2imanagement.ch
A123: =OFFSET($C123,0,$Z$5-1) -> Forces / faiblesses | C123: Stärken / Schwächen | D123: Forces / faiblesses | E123: Strengths / weaknesses | F123: Punti di forza / debolezza | G123: contact info@2imanagement.ch
A124: =OFFSET($C124,0,$Z$5-1) -> Opportunités / menaces | C124: Chancen / Gefahren | D124: Opportunités / menaces | E124: Opportunities / Threats | F124: Opportunità / Minacce | G124: contact info@2imanagement.ch
A125: =OFFSET($C125,0,$Z$5-1) -> Pondération | C125: Gewichtung | D125: Pondération | E125: Emphasis | F125: Ponderazione | G125: contact info@2imanagement.ch
A126: =OFFSET($C126,0,$Z$5-1) -> Opportunités / menaces -> facteurs externes | C126: Chancen / Gefahren -> externe Faktoren | D126: Opportunités / menaces -> facteurs externes | E126: Opportunities / Threats -> external factors | F126: Opportunità / Minacce -> fattori esterni | G126: contact info@2imanagement.ch
A127: =OFFSET($C127,0,$Z$5-1) -> Forces | C127: Stärken | D127: Forces | E127: Strengths | F127: Punti di forza | G127: contact info@2imanagement.ch
A128: =OFFSET($C128,0,$Z$5-1) -> Faiblesses | C128: Schwächen | D128: Faiblesses | E128: Weaknesses | F128: Punti di debolezza | G128: contact info@2imanagement.ch
A129: =OFFSET($C129,0,$Z$5-1) -> Opportunités | C129: Chancen | D129: Opportunités | E129: Opportunities | F129: Opportunità | G129: contact info@2imanagement.ch
A130: =OFFSET($C130,0,$Z$5-1) -> Menaces | C130: Gefahren | D130: Menaces | E130: Threats | F130: Minacce | G130: contact info@2imanagement.ch
A131: =OFFSET($C131,0,$Z$5-1) -> G R O U P E C I B L E | C131: Z I E L G R U P P E | D131: G R O U P E C I B L E | E131: T A R G E T G R O U P | F131: T A R G E T | G131: contact info@2imanagement.ch
A132: =OFFSET($C132,0,$Z$5-1) -> Groupe cible | C132: Zielgruppe | D132: Groupe cible | E132: Target group | G132: contact info@2imanagement.ch
A133: =OFFSET($C133,0,$Z$5-1) -> Message clé | C133: Hauptbotschaft | D133: Message clé | E133: Key message | G133: contact info@2imanagement.ch
A134: =OFFSET($C134,0,$Z$5-1) -> Intensité de la communication | C134: Kommunikationsintensität | D134: Intensité de la communication | E134: Unique selling proposition (USP) | G134: contact info@2imanagement.ch
A135: =OFFSET($C135,0,$Z$5-1) -> Besoins en communication | C135: Kommunikationsbedarf | D135: Besoins en communication | E135: Needs for communication
A136: =OFFSET($C136,0,$Z$5-1) -> Itensité com. | C136: Kom. Intensität | D136: Itensité com. | E136: Intensity of com. | G136: contact info@2imanagement.ch
A137: =OFFSET($C137,0,$Z$5-1) -> Besoins en com. | C137: Kom. Bedarf | D137: Besoins en com. | E137: Demand on com. | G137: contact info@2imanagement.ch
A138: =OFFSET($C138,0,$Z$5-1) -> Taille | C138: Grösse | D138: Taille | E138: Size | F138: Taglia | G138: contact info@2imanagement.ch
A139: =OFFSET($C139,0,$Z$5-1) -> Totale | C139: Total | D139: Totale | E139: Total | G139: contact info@2imanagement.ch
A140: =OFFSET($C140,0,$Z$5-1) -> Effets attendus | C140: Erwartete Effekte | D140: Effets attendus | E140: Expected effects
A141: =OFFSET($C141,0,$Z$5-1) -> C A N A U X D E C O M M U N I C A T I O N | C141: K O M M U N I K A T I O N S K A N Ä L E | D141: C A N A U X D E C O M M U N I C A T I O N | E141: C O M M U N I C A T I O N C H A N N E L S | F141: C A N A L I D I C O M U N I C A Z I O N | G141: contact info@2imanagement.ch
A142: =OFFSET($C142,0,$Z$5-1) -> Groupe cible | C142: Zielgruppe | D142: Groupe cible | E142: Target group | F142: Prodotti & Servizi | G142: contact info@2imanagement.ch
A143: =OFFSET($C143,0,$Z$5-1) -> Canal de communication | C143: Kommunikationskanal | D143: Canal de communication | E143: Communication channel
A144: =OFFSET($C144,0,$Z$5-1) -> Canaux | C144: Kanäle | D144: Canaux | E144: Channels
A145: =OFFSET($C145,0,$Z$5-1) -> O B J E C T I F S & M E S U R E S C O M M U N I C A T I O N | C145: Z I E L E & M A S S N A H M E N K O M M U N I K A T I O N | D145: O B J E C T I F S & M E S U R E S C O M M U N I C A T I O N | E145: G O A LS & M E A S U R E S C O M M U N I C A T I O N | G145: contact info@2imanagement.ch
...

Sheet Menu
C1: =' '!A5 -> C O M M U N I C A T I O N
C36: © iManagement • s.imboden • www.2iManagement.ch | M36: V1.0.0

Sheet Kommunikationsquadrat
B1: =' '!A229 -> Processus de communication
A28: © iManagement • s.imboden • www.2iManagement.ch

Sheet Stakeholder
B1: =' '!A46 -> A N A L Y S E D E S P A R T I E S P R E N A N T E S
B4: =' '!A60 -> No. | C4: =' '!A61 -> Groupe de parties prenantes | D4: =' '!A63 -> Etendue de l'intérêt | E4: =' '!A64 -> Etendue de l'influence | F4: =' '!A62 -> Intérêt, attentes | G4: =' '!A68 -> Taille du groupe | H4: =' '!A65 -> Chances (+) et Dangers (-) | I4: =' '!A66 -> Mesures possibles | J4: =' '!A67 -> Statut
B5: s1 | C5: Gruppe 1 | D5: 8.1818182 | E5: 4 | G5: 1 | J5: 1 | K5: =IF(G5=3,3, IF(G5=2,2,1)) -> 1
B6: s2 | C6: Gruppe 2 | D6: 5 | E6: 6 | G6: 2 | J6: 2 | K6: =IF(G6=3,3, IF(G6=2,2,1)) -> 2
B7: s3 | J7: 3 | K7: =IF(G7=3,3, IF(G7=2,2,1)) -> 1
B8: s4 | K8: =IF(G8=3,3, IF(G8=2,2,1)) -> 1
B9: s5 | K9: =IF(G9=3,3, IF(G9=2,2,1)) -> 1
B10: s6 | K10: =IF(G10=3,3, IF(G10=2,2,1)) -> 1
B11: s7 | K11: =IF(G11=3,3, IF(G11=2,2,1)) -> 1
B12: s8 | K12: =IF(G12=3,3, IF(G12=2,2,1)) -> 1
B13: s9 | K13: =IF(G13=3,3, IF(G13=2,2,1)) -> 1
B14: s10 | K14: =IF(G14=3,3, IF(G14=2,2,1)) -> 1
B15: s11 | K15: =IF(G15=3,3, IF(G15=2,2,1)) -> 1
B16: s12 | K16: =IF(G16=3,3, IF(G16=2,2,1)) -> 1
B17: s13 | K17: =IF(G17=3,3, IF(G17=2,2,1)) -> 1
B18: s14 | K18: =IF(G18=3,3, IF(G18=2,2,1)) -> 1
B19: s15 | K19: =IF(G19=3,3, IF(G19=2,2,1)) -> 1
... B24: s20 | K24: =IF(G24=3,3, IF(G24=2,2,1)) -> 1
B25: © iManagement • s.imboden • www.2iManagement.ch
H28: =IF(C5<>"",CONCATENATE(" ",B5," ",C5),"") -> s1 Gruppe 1
H29: =IF(C6<>"",CONCATENATE(" ",B6," ",C6),"") -> s2 Gruppe 2
H30: =IF(C7<>"",CONCATENATE(" ",B7," ",C7),"")
H31: =IF(C8<>"",CONCATENATE(" ",B8," ",C8),"")
H32: =IF(C9<>"",CONCATENATE(" ",B9," ",C9),"")
H33: =IF(C10<>"",CONCATENATE(" ",B10," ",C10),"")
H34: =IF(C11<>"",CONCATENATE(" ",B11," ",C11),"")
H35: =IF(C12<>"",CONCATENATE(" ",B12," ",C12),"")
H36: =IF(C13<>"",CONCATENATE(" ",B13," ",C13),"")
H37: =IF(C14<>"",CONCATENATE(" ",B14," ",C14),"")
H38: =IF(C15<>"",CONCATENATE(" ",B15," ",C15),"")
H39: =IF(C16<>"",CONCATENATE(" ",B16," ",C16),"")
... H47: =IF(C24<>"",CONCATENATE(" ",B24," ",C24),"")
H72: =' '!A51 -> contacts fréquents
H73: =' '!A52 -> contacts réguliers
H74: =' '!A53 -> contacts rares
B75: © iManagement • s.imboden • www.2iManagement.ch

Sheet PESTLE
B1: =' '!A74 -> A N A L Y S E P E S T E L
C5: =' '!A75 -> Facteurs d'influence politique | D5: =IF(E27<>0,E27,0.1) -> 3
C6: =' '!A83 -> Facteurs d'influence économique | D6: =IF(E41<>0,E41,0.1) -> 1
C7: =' '!A84 -> Facteurs d'influence sociologique | D7: =IF(E55<>0,E55,0.1) -> 2
C8: =' '!A85 -> Facteurs d'influence technologique | D8: =IF(E69<>0,E69,0.1) -> 1
C9: =' '!A86 -> Facteurs d'influence écologique | D9: =IF(E83<>0,E83,0.1) -> 0.1
C10: =' '!A87 -> Facteurs d'influence législative | D10: =IF(E97<>0,E97,0.1) -> 3
C15: =' '!A75 -> Facteurs d'influence politique
B16: =' '!A76 -> No. | C16: =' '!A77 -> Facteurs d'influence | D16: =' '!A78 -> Impact | E16: =' '!A79 -> Intensité de l'impact | F16: =' '!A80 -> Ten- dance | G16: =' '!A81 -> Mesures possibles | H16: =' '!A82 -> Statut | I16: =COUNTIF(H16:H26,1) -> 1
B17: 1 | E17: 3 | F17: 2 | H17: 1 | I17: =COUNTIF(H17:H26,2) -> 0
B18: =$B17+1 -> 2 | E18: 4 | I18: =COUNTIF(H18:H27,3) -> 0
B19: =$B18+1 -> 3 | E19: 4
B20: =$B19+1 -> 4
B21: =$B20+1 -> 5
B22: =$B21+1 -> 6
B23: =$B22+1 -> 7
B24: =$B23+1 -> 8
B25: =$B24+1 -> 9
B26: =$B25+1 -> 10
D27: =' '!#REF! -> #REF! | E27: =COUNTIFS(E17:E26,"<=4",E17:E26,">=3") -> 3
C29: =' '!A83 -> Facteurs d'influence économique
B30: =B16 -> No. | C30: =C16 -> Facteurs d'influence | D30: =D16 -> Impact | E30: =E16 -> Intensité de l'impact | F30: =F16 -> Ten- dance | G30: =G16 -> Mesures possibles | H30: =H16 -> Statut | I30: =COUNTIF(H30:H40,1) -> 0
B31: 1 | E31: 4 | F31: 1 | H31: 3 | I31: =COUNTIF(H30:H40,2) -> 1
B32: =$B31+1 -> 2 | H32: 2 | I32: =COUNTIF(H30:H41,3) -> 1
B33: =$B32+1 -> 3
B34: =$B33+1 -> 4
B35: =$B34+1 -> 5
B36: =$B35+1 -> 6
B37: =$B36+1 -> 7
B38: =$B37+1 -> 8
B39: =$B38+1 -> 9
B40: =$B39+1 -> 10
D41: =' '!#REF! -> #REF! | E41: =COUNTIFS(E31:E40,"<=4",E31:E40,">=3") -> 1
C43: =' '!A84 -> Facteurs d'influence sociologique
B44: =B16 -> No. | C44: =C16 -> Facteurs d'influence | D44: =D16 -> Impact | E44: =E16 -> Intensité de l'impact | F44: =F16 -> Ten- dance | G44: =G16 -> Mesures possibles | H44: =H16 -> Statut | I44: =COUNTIF(H44:H54,1) -> 1
B45: 1 | E45: 3 | F45: 1 | H45: 1 | I45: =COUNTIF(H44:H54,2) -> 0
B46: =$B45+1 -> 2 | E46: 4 | I46: =COUNTIF(H44:H55,3) -> 0
B47: =$B46+1 -> 3
B48: =$B47+1 -> 4
B49: =$B48+1 -> 5
B50: =$B49+1 -> 6
B51: =$B50+1 -> 7
B52: =$B51+1 -> 8
B53: =$B52+1 -> 9
B54: =$B53+1 -> 10
D55: =' '!#REF! -> #REF! | E55: =COUNTIFS(E45:E54,"<=4",E45:E54,">=3") -> 2
C57: =' '!A85 -> Facteurs d'influence technologique
B58: =B16 -> No. | C58: =C16 -> Facteurs d'influence | D58: =D16 -> Impact | E58: =E16 -> Intensité de l'impact | F58: =F16 -> Ten- dance | G58: =G16 -> Mesures possibles | H58: =H16 -> Statut | I58: =COUNTIF(H58:H68,1) -> 1
B59: 1 | E59: 4 | F59: 1 | H59: 1 | I59: =COUNTIF(H58:H68,2) -> 0
B60: =$B59+1 -> 2 | I60: =COUNTIF(H58:H69,3) -> 0
B61: =$B60+1 -> 3
B62: =$B61+1 -> 4
B63: =$B62+1 -> 5
B64: =$B63+1 -> 6
B65: =$B64+1 -> 7
B66: =$B65+1 -> 8
B67: =$B66+1 -> 9
B68: =$B67+1 -> 10
D69: =' '!#REF! -> #REF! | E69: =COUNTIFS(E59:E68,"<=4",E59:E68,">=3") -> 1
C71: =' '!A86 -> Facteurs d'influence écologique
B72: =B16 -> No. | C72: =C16 -> Facteurs d'influence | D72: =D16 -> Impact | E72: =E16 -> Intensité de l'impact | F72: =F16 -> Ten- dance | G72: =G16 -> Mesures possibles | H72: =H16 -> Statut | I72: =COUNTIF(H72:H82,1) -> 2
B73: 1 | E73: 1 | F73: 1 | H73: 1 | I73: =COUNTIF(H72:H82,2) -> 0
B74: =$B73+1 -> 2 | H74: 1 | I74: =COUNTIF(H72:H83,3) -> 0
B75: =$B74+1 -> 3
B76: =$B75+1 -> 4
B77: =$B76+1 -> 5
B78: =$B77+1 -> 6
B79: =$B78+1 -> 7
B80: =$B79+1 -> 8
B81: =$B80+1 -> 9
B82: =$B81+1 -> 10
D83: =' '!#REF! -> #REF! | E83: =COUNTIFS(E73:E82,"<=4",E73:E82,">=3") -> 0
C85: =' '!A87 -> Facteurs d'influence législative
B86: =B16 -> No. | C86: =C16 -> Facteurs d'influence | D86: =D16 -> Impact | E86: =E16 -> Intensité de l'impact | F86: =F16 -> Ten- dance | G86: =G16 -> Mesures possibles | H86: =H16 -> Statut | I86: =COUNTIF(H86:H96,1) -> 0
B87: 1 | E87: 4 | F87: 1 | H87: 9 | I87: =COUNTIF(H86:H96,2) -> 0
B88: =$B87+1 -> 2 | E88: 3 | I88: =COUNTIF(H86:H98,3) -> 0
B89: =$B88+1 -> 3 | E89: 3
B90: =$B89+1 -> 4
B91: =$B90+1 -> 5
B92: =$B91+1 -> 6
B93: =$B92+1 -> 7
B94: =$B93+1 -> 8
B95: =$B94+1 -> 9
B96: =$B95+1 -> 10
B97: © iManagement • www.2iManagement.ch | D97: =' '!#REF! -> #REF! | E97: =COUNTIFS(E87:E96,"<=4",E87:E96,">=3") -> 3

Sheet Swot-Analyse
B1: =' '!A121 -> A N A L Y S E S W O T C O M M U N I C A T I O N
C5: =' '!A127 -> Forces | G5: =' '!A128 -> Faiblesses
B6: s1 | C6: Force 1 | D6: 5 | F6: w1 | G6: Faiblesse 1 | H6: -5
B7: s2 | D7: 3 | F7: w2 | H7: -4
B8: s3 | F8: w3 | H8: -2
B9: s4 | F9: w4
B10: s5 | F10: w5
B11: s6 | F11: w6
B12: s7 | F12: w7
B13: s8 | F13: w8
B14: s9 | F14: w9
B15: s10 | F15: w10
B16: s11 | F16: w11
B17: s12 | F17: w12
B18: s13 | F18: w13
B19: s14 | F19: w14
B20: s15 | F20: w15
... B23: s18 | F23: w18
C24: =' '!A129 -> Opportunités | G24: =' '!A130 -> Menaces
B25: o1 | C25: Opportunité 1 | D25: 3 | F25: t1 | G25: Danger 1 | H25: -2
B26: o2 | D26: 3 | F26: t2 | H26: -2
B27: o3 | F27: t3
B28: o4 | F28: t4
B29: o5 | F29: t5
B30: o6 | F30: t6
B31: o7 | F31: t7
B32: o8 | F32: t8
B33: o9 | F33: t9
B34: o10 | F34: t10
B35: o11 | F35: t11
B36: o12 | F36: t12
B37: o13 | F37: t13
B38: o14 | F38: t14
... B42: o18 | F42: t18
B43: © iManagement • s.imboden • www.2iManagement.ch

Sheet Benchmark
B1: =' '!A110 -> B E N C H M A R K I N G C O M M U N I C A T I O N
C3: =' '!A112 -> No. | D3: =' '!A113 -> Objets de comparaison | E3: =' '!A115 -> Nous | F3: =' '!A116 -> Concurrence | I3: =' '!A165 -> Remarques
E4: l | F4: u
B5: =IF(E5>F5,1, IF(E5<F5,3,2)) -> 1 | C5: 1 | D5: Comparaison 1 | E5: 2 | F5: 1
B6: =IF(E6>F6,1, IF(E6<F6,3,2)) -> 3 | C6: 2 | D6: Comparaison 2 | E6: 1 | F6: 3
B7: =IF(E7>F7,1, IF(E7<F7,3,2)) -> 3 | C7: 3 | E7: 1 | F7: 2
B8: =IF(E8>F8,1, IF(E8<F8,3,2)) -> 3 | C8: 4 | E8: -1 | F8: 1
B9: =IF(E9>F9,1, IF(E9<F9,3,2)) -> 3 | C9: 5 | E9: -3 | F9: 1
B10: =IF(E10>F10,1, IF(E10<F10,3,2)) -> 2 | C10: 6 | E10: 1 | F10: 1
B11: =IF(E11>F11,1, IF(E11<F11,3,2)) -> 3 | C11: 7 | E11: -3 | F11: 1
B12: =IF(E12>F12,1, IF(E12<F12,3,2)) -> 1 | C12: 8 | E12: 3 | F12: 1
B13: =IF(E13>F13,1, IF(E13<F13,3,2)) -> 2 | C13: 9 | E13: 1 | F13: 1
B14: =IF(E14>F14,1, IF(E14<F14,3,2)) -> 3 | C14: 10 | E14: -1 | F14: 1
B15: =IF(E15>F15,1, IF(E15<F15,3,2)) -> 1 | C15: 11 | E15: 2 | F15: 1
B16: =IF(E16>F16,1, IF(E16<F16,3,2)) -> 3 | C16: 12 | E16: -1 | F16: 1
B17: =IF(E17>F17,1, IF(E17<F17,3,2)) -> 3 | C17: 13 | E17: 0 | F17: 1
B18: =IF(E18>F18,1, IF(E18<F18,3,2)) -> 3 | C18: 14 | E18: -2 | F18: 1
... B34: =IF(E34>F34,1, IF(E34<F34,3,2)) -> 3 | C34: 30 | E34: 2 | F34: 3
B36: © iManagement • s.imboden • www.2iManagement.ch

Sheet Massnahmen
C1: =' '!A145 -> O B J E C T I F S & M E S U R E S C O M M U N I C A T I O N
B5: =' '!A150 -> No. | C5: =' '!A158 -> Objectifs Communication | D5: =B5 -> No. | E5: =' '!A159 -> Indicateurs | G5: =' '!A153 -> ÊTRE | H5: =' '!A154 -> DOIT | I5: =' '!A155 -> atteint | J5: =' '!A156 -> rouge | K5: =' '!A157 -> jaune | M5: =B5 -> No. | N5: =' '!A151 -> Groupe cible | O5: =B5 -> No. | P5: =' '!A160 -> Mesures | Q5: Prio | R5: =' '!A164 -> Qui? | S5: =' '!A162 -> Début | T5: =' '!A163 -> Fin | V5: Filter in Kolonne B
V6: =IF($C$7="","","drucken") -> drucken
A7: =IF($C$7="","","ok") -> ok | B7: 1 | C7: Ziel 1 | D7: i1 | E7: Indikator 1 | F7: =IF(E7<>"","?","") -> ? | G7: 50 | H7: 100 | I7: =IF(OR(G7="Ja",G7="JA",G7="ja",G7="Oui",G7="OUI",G7="oui"),100%, IF(OR(G7="Nein",G7="NEIN",G7="nein",G7="Oon",G7="NON",G7="non"),0%, IF(G7<>0, IF(H7>=G7,G7/H7, IF(H7<G7,H7/G7)), 0%))) -> 0.5 | J7: 0.7 | K7: 0.9 | L7: =IF(E7="","",IF(I7<=J7,3,IF(I7<=K7,2,1))) -> 3 | M7: z1 | N7: Zielpublikum 1 | O7: m1 | P7: Mesure 1 | Q7: 1 | U7: 3 | V7: =IF($C$7="","","drucken") -> drucken
A8: =IF($C$7="","","ok") -> ok | B8: 1 | M8: z2 | O8: m2 | Q8: 2 | V8: =IF($C$7="","","drucken") -> drucken
A9: =IF($C$7="","","ok") -> ok | B9: 1 | D9: s2 | F9: =IF(E9<>"","?","") | I9: =IF(OR(G9="Ja",G9="JA",G9="ja",G9="Oui",G9="OUI",G9="oui"),100%, IF(OR(G9="Nein",G9="NEIN",G9="nein",G9="Oon",G9="NON",G9="non"),0%, IF(G9<>0, IF(H9>=G9,G9/H9, IF(H9<G9,H9/G9)), 0%))) -> 0 | J9: 0.7 | K9: 0.9 | L9: =IF(E9="","",IF(I9<=J9,3,IF(I9<=K9,2,1))) | M9: z3 | O9: m3 | Q9: 3 | V9: =IF($C$7="","","drucken") -> drucken
A10: =IF($C$7="","","ok") -> ok | B10: 1 | M10: z4 | O10: m4 | V10: =IF($C$7="","","drucken") -> drucken
A11: =IF($C$7="","","ok") -> ok | B11: 1 | D11: s3 | F11: =IF(E11<>"","?","") | I11: =IF(OR(G11="Ja",G11="JA",G11="ja",G11="Oui",G11="OUI",G11="oui"),100%, IF(OR(G11="Nein",G11="NEIN",G11="nein",G11="Oon",G11="NON",G11="non"),0%, IF(G11<>0, IF(H11>=G11,G11/H11, IF(H11<G11,H11/G11)), 0%))) -> 0 | J11: 0.7 | K11: 0.9 | L11: =IF(E11="","",IF(I11<=J11,3,IF(I11<=K11,2,1))) | M11: z5 | O11: m5 | V11: =IF($C$7="","","drucken") -> drucken
A12: =IF($C$7="","","ok") -> ok | B12: 1 | M12: z6 | O12: m6 | V12: =IF($C$7="","","drucken") -> drucken
A13: =IF($C$7="","","ok") -> ok | B13: 1 | D13: s4 | F13: =IF(E13<>"","?","") | I13: =IF(OR(G13="Ja",G13="JA",G13="ja",G13="Oui",G13="OUI",G13="oui"),100%, IF(OR(G13="Nein",G13="NEIN",G13="nein",G13="Oon",G13="NON",G13="non"),0%, IF(G13<>0, IF(H13>=G13,G13/H13, IF(H13<G13,H13/G13)), 0%))) -> 0 | J13: 0.7 | K13: 0.9 | L13: =IF(E13="","",IF(I13<=J13,3,IF(I13<=K13,2,1))) | M13: z7 | O13: m7 | V13: =IF($C$7="","","drucken") -> drucken
A14: =IF($C$7="","","ok") -> ok | B14: 1 | M14: z8 | O14: m8 | V14: =IF($C$7="","","drucken") -> drucken
A15: =IF($C$15="","","ok") -> ok | B15: 2 | C15: Ziel 2 | D15: s5 | F15: =IF(E15<>"","?","") | I15: =IF(OR(G15="Ja",G15="JA",G15="ja",G15="Oui",G15="OUI",G15="oui"),100%, IF(OR(G15="Nein",G15="NEIN",G15="nein",G15="Oon",G15="NON",G15="non"),0%, IF(G15<>0, IF(H15>=G15,G15/H15, IF(H15<G15,H15/G15)), 0%))) -> 0 | J15: 0.7 | K15: 0.9 | L15: =IF(E15="","",IF(I15<=J15,3,IF(I15<=K15,2,1))) | M15: z9 | O15: m9 | V15: =IF($C$15="","","drucken") -> drucken
A16: =IF($C$15="","","ok") -> ok | B16: 2 | M16: z10 | O16: m10 | V16: =IF($C$15="","","drucken") -> drucken
A17: =IF($C$15="","","ok") -> ok | B17: 2 | D17: s6 | F17: =IF(E17<>"","?","") | I17: =IF(OR(G17="Ja",G17="JA",G17="ja",G17="Oui",G17="OUI",G17="oui"),100%, IF(OR(G17="Nein",G17="NEIN",G17="nein",G17="Oon",G17="NON",G17="non"),0%, IF(G17<>0, IF(H17>=G17,G17/H17, IF(H17<G17,H17/G17)), 0%))) -> 0 | J17: 0.7 | K17: 0.9 | L17: =IF(E17="","",IF(I17<=J17,3,IF(I17<=K17,2,1))) | M17: z11 | O17: m11 | V17: =IF($C$15="","","drucken") -> drucken
A18: =IF($C$15="","","ok") -> ok | B18: 2 | M18: z12 | O18: m12 | V18: =IF($C$15="","","drucken") -> drucken
A19: =IF($C$15="","","ok") -> ok | B19: 2 | D19: s7 | F19: =IF(E19<>"","?","") | I19: =IF(OR(G19="Ja",G19="JA",G19="ja",G19="Oui",G19="OUI",G19="oui"),100%, IF(OR(G19="Nein",G19="NEIN",G19="nein",G19="Oon",G19="NON",G19="non"),0%, IF(G19<>0, IF(H19>=G19,G19/H19, IF(H19<G19,H19/G19)), 0%))) -> 0 | J19: 0.7 | K19: 0.9 | L19: =IF(E19="","",IF(I19<=J19,3,IF(I19<=K19,2,1))) | M19: z13 | O19: m13 | V19: =IF($C$15="","","drucken") -> drucken
A20: =IF($C$15="","","ok") -> ok | B20: 2 | M20: z14 | O20: m14 | V20: =IF($C$15="","","drucken") -> drucken
A21: =IF($C$15="","","ok") -> ok | B21: 2 | D21: s8 | F21: =IF(E21<>"","?","") | I21: =IF(OR(G21="Ja",G21="JA",G21="ja",G21="Oui",G21="OUI",G21="oui"),100%, IF(OR(G21="Nein",G21="NEIN",G21="nein",G21="Oon",G21="NON",G21="non"),0%, IF(G21<>0, IF(H21>=G21,G21/H21, IF(H21<G21,H21/G21)), 0%))) -> 0 | J21: 0.7 | K21: 0.9 | L21: =IF(E21="","",IF(I21<=J21,3,IF(I21<=K21,2,1))) | M21: z15 | O21: m15 | V21: =IF($C$15="","","drucken") -> drucken
A22: =IF($C$15="","","ok") -> ok | B22: 2 | M22: z16 | O22: m16 | V22: =IF($C$15="","","drucken") -> drucken
A23: =IF($C$23="","","ok") -> ok | B23: 3 | C23: Ziel 3 | D23: s9 | F23: =IF(E23<>"","?","") | I23: =IF(OR(G23="Ja",G23="JA",G23="ja",G23="Oui",G23="OUI",G23="oui"),100%, IF(OR(G23="Nein",G23="NEIN",G23="nein",G23="Oon",G23="NON",G23="non"),0%, IF(G23<>0, IF(H23>=G23,G23/H23, IF(H23<G23,H23/G23)), 0%))) -> 0 | J23: 0.7 | K23: 0.9 | L23: =IF(E23="","",IF(I23<=J23,3,IF(I23<=K23,2,1))) | M23: z17 | O23: m17 | V23: =IF($C$23="","","drucken") -> drucken
A24: =IF($C$23="","","ok") -> ok | B24: 3 | M24: z18 | O24: m18 | V24: =IF($C$23="","","drucken") -> drucken
A25: =IF($C$23="","","ok") -> ok | B25: 3 | D25: s10 | F25: =IF(E25<>"","?","") | I25: =IF(OR(G25="Ja",G25="JA",G25="ja",G25="Oui",G25="OUI",G25="oui"),100%, IF(OR(G25="Nein",G25="NEIN",G25="nein",G25="Oon",G25="NON",G25="non"),0%, IF(G25<>0, IF(H25>=G25,G25/H25, IF(H25<G25,H25/G25)), 0%))) -> 0 | J25: 0.7 | K25: 0.9 | L25: =IF(E25="","",IF(I25<=J25,3,IF(I25<=K25,2,1))) | M25: z19 | O25: m19 | V25: =IF($C$23="","","drucken") -> drucken
A26: =IF($C$23="","","ok") -> ok | B26: 3 | M26: z20 | O26: m20 | V26: =IF($C$23="","","drucken") -> drucken
A27: =IF($C$23="","","ok") -> ok | B27: 3 | D27: s11 | F27: =IF(E27<>"","?","") | I27: =IF(OR(G27="Ja",G27="JA",G27="ja",G27="Oui",G27="OUI",G27="oui"),100%, IF(OR(G27="Nein",G27="NEIN",G27="nein",G27="Oon",G27="NON",G27="non"),0%, IF(G27<>0, IF(H27>=G27,G27/H27, IF(H27<G27,H27/G27)), 0%))) -> 0 | J27: 0.7 | K27: 0.9 | L27: =IF(E27="","",IF(I27<=J27,3,IF(I27<=K27,2,1))) | M27: z21 | O27: m21 | V27: =IF($C$23="","","drucken") -> drucken
A28: =IF($C$23="","","ok") -> ok | B28: 3 | M28: z22 | O28: m22 | V28: =IF($C$23="","","drucken") -> drucken
A29: =IF($C$23="","","ok") -> ok | B29: 3 | D29: s12 | F29: =IF(E29<>"","?","") | I29: =IF(OR(G29="Ja",G29="JA",G29="ja",G29="Oui",G29="OUI",G29="oui"),100%, IF(OR(G29="Nein",G29="NEIN",G29="nein",G29="Oon",G29="NON",G29="non"),0%, IF(G29<>0, IF(H29>=G29,G29/H29, IF(H29<G29,H29/G29)), 0%))) -> 0 | J29: 0.7 | K29: 0.9 | L29: =IF(E29="","",IF(I29<=J29,3,IF(I29<=K29,2,1))) | M29: z23 | O29: m23 | V29: =IF($C$23="","","drucken") -> drucken
A30: =IF($C$23="","","ok") -> ok | B30: 3 | M30: z24 | O30: m24 | V30: =IF($C$23="","","drucken") -> drucken
A31: =IF($C$31="","","ok") | B31: 4 | D31: s13 | F31: =IF(E31<>"","?","") | I31: =IF(OR(G31="Ja",G31="JA",G31="ja",G31="Oui",G31="OUI",G31="oui"),100%, IF(OR(G31="Nein",G31="NEIN",G31="nein",G31="Oon",G31="NON",G31="non"),0%, IF(G31<>0, IF(H31>=G31,G31/H31, IF(H31<G31,H31/G31)), 0%))) -> 0 | J31: 0.7 | K31: 0.9 | L31: =IF(E31="","",IF(I31<=J31,3,IF(I31<=K31,2,1))) | M31: z25 | O31: m25 | V31: =IF($C$31="","","drucken")
A32: =IF($C$31="","","ok") | B32: 4 | M32: z26 | O32: m26 | V32: =IF($C$31="","","drucken")
A33: =IF($C$31="","","ok") | B33: 4 | D33: s14 | F33: =IF(E33<>"","?","") | I33: =IF(OR(G33="Ja",G33="JA",G33="ja",G33="Oui",G33="OUI",G33="oui"),100%, IF(OR(G33="Nein",G33="NEIN",G33="nein",G33="Oon",G33="NON",G33="non"),0%, IF(G33<>0, IF(H33>=G33,G33/H33, IF(H33<G33,H33/G33)), 0%))) -> 0 | J33: 0.7 | K33: 0.9 | L33: =IF(E33="","",IF(I33<=J33,3,IF(I33<=K33,2,1))) | M33: z27 | O33: m27 | V33: =IF($C$31="","","drucken")
A34: =IF($C$31="","","ok") | B34: 4 | M34: z28 | O34: m28 | V34: =IF($C$31="","","drucken")
A35: =IF($C$31="","","ok") | B35: 4 | D35: s15 | F35: =IF(E35<>"","?","") | I35: =IF(OR(G35="Ja",G35="JA",G35="ja",G35="Oui",G35="OUI",G35="oui"),100%, IF(OR(G35="Nein",G35="NEIN",G35="nein",G35="Oon",G35="NON",G35="non"),0%, IF(G35<>0, IF(H35>=G35,G35/H35, IF(H35<G35,H35/G35)), 0%))) -> 0 | J35: 0.7 | K35: 0.9 | L35: =IF(E35="","",IF(I35<=J35,3,IF(I35<=K35,2,1))) | M35: z29 | O35: m29 | V35: =IF($C$31="","","drucken")
A36: =IF($C$31="","","ok") | B36: 4 | M36: z30 | O36: m30 | V36: =IF($C$31="","","drucken")
A37: =IF($C$31="","","ok") | B37: 4 | D37: s16 | F37: =IF(E37<>"","?","") | I37: =IF(OR(G37="Ja",G37="JA",G37="ja",G37="Oui",G37="OUI",G37="oui"),100%, IF(OR(G37="Nein",G37="NEIN",G37="nein",G37="Oon",G37="NON",G37="non"),0%, IF(G37<>0, IF(H37>=G37,G37/H37, IF(H37<G37,H37/G37)), 0%))) -> 0 | J37: 0.7 | K37: 0.9 | L37: =IF(E37="","",IF(I37<=J37,3,IF(I37<=K37,2,1))) | M37: z31 | O37: m31 | V37: =IF($C$31="","","drucken")
A38: =IF($C$31="","","ok") | B38: 4 | M38: z32 | O38: m32 | V38: =IF($C$31="","","drucken")
A39: =IF($C$39="","","ok") | B39: 5 | D39: s17 | F39: =IF(E39<>"","?","") | I39: =IF(OR(G39="Ja",G39="JA",G39="ja",G39="Oui",G39="OUI",G39="oui"),100%, IF(OR(G39="Nein",G39="NEIN",G39="nein",G39="Oon",G39="NON",G39="non"),0%, IF(G39<>0, IF(H39>=G39,G39/H39, IF(H39<G39,H39/G39)), 0%))) -> 0 | J39: 0.7 | K39: 0.9 | L39: =IF(E39="","",IF(I39<=J39,3,IF(I39<=K39,2,1))) | M39: z33 | O39: m33 | V39: =IF($C$39="","","drucken")
A40: =IF($C$39="","","ok") | B40: 5 | M40: z34 | O40: m34 | V40: =IF($C$39="","","drucken")
A41: =IF($C$39="","","ok") | B41: 5 | D41: s18 | F41: =IF(E41<>"","?","") | I41: =IF(OR(G41="Ja",G41="JA",G41="ja",G41="Oui",G41="OUI",G41="oui"),100%, IF(OR(G41="Nein",G41="NEIN",G41="nein",G41="Oon",G41="NON",G41="non"),0%, IF(G41<>0, IF(H41>=G41,G41/H41, IF(H41<G41,H41/G41)), 0%))) -> 0 | J41: 0.7 | K41: 0.9 | L41: =IF(E41="","",IF(I41<=J41,3,IF(I41<=K41,2,1))) | M41: z35 | O41: m35 | V41: =IF($C$39="","","drucken")
A42: =IF($C$39="","","ok") | B42: 5 | M42: z36 | O42: m36 | V42: =IF($C$39="","","drucken")
A43: =IF($C$39="","","ok") | B43: 5 | D43: s19 | F43: =IF(E43<>"","?","") | I43: =IF(OR(G43="Ja",G43="JA",G43="ja",G43="Oui",G43="OUI",G43="oui"),100%, IF(OR(G43="Nein",G43="NEIN",G43="nein",G43="Oon",G43="NON",G43="non"),0%, IF(G43<>0, IF(H43>=G43,G43/H43, IF(H43<G43,H43/G43)), 0%))) -> 0 | J43: 0.7 | K43: 0.9 | L43: =IF(E43="","",IF(I43<=J43,3,IF(I43<=K43,2,1))) | M43: z37 | O43: m37 | V43: =IF($C$39="","","drucken")
A44: =IF($C$39="","","ok") | B44: 5 | M44: z38 | O44: m38 | V44: =IF($C$39="","","drucken")
A45: =IF($C$39="","","ok") | B45: 5 | D45: s20 | F45: =IF(E45<>"","?","") | I45: =IF(OR(G45="Ja",G45="JA",G45="ja",G45="Oui",G45="OUI",G45="oui"),100%, IF(OR(G45="Nein",G45="NEIN",G45="nein",G45="Oon",G45="NON",G45="non"),0%, IF(G45<>0, IF(H45>=G45,G45/H45, IF(H45<G45,H45/G45)), 0%))) -> 0 | J45: 0.7 | K45: 0.9 | L45: =IF(E45="","",IF(I45<=J45,3,IF(I45<=K45,2,1))) | M45: z39 | O45: m39 | V45: =IF($C$39="","","drucken")
A46: =IF($C$39="","","ok") | B46: 5 | M46: z40 | O46: m40 | V46: =IF($C$39="","","drucken")
A47: =IF($C$47="","","ok") | B47: 6 | D47: s21 | F47: =IF(E47<>"","?","") | I47: =IF(OR(G47="Ja",G47="JA",G47="ja",G47="Oui",G47="OUI",G47="oui"),100%, IF(OR(G47="Nein",G47="NEIN",G47="nein",G47="Oon",G47="NON",G47="non"),0%, IF(G47<>0, IF(H47>=G47,G47/H47, IF(H47<G47,H47/G47)), 0%))) -> 0 | J47: 0.7 | K47: 0.9 | L47: =IF(E47="","",IF(I47<=J47,3,IF(I47<=K47,2,1))) | M47: z41 | O47: m41 | V47: =IF($C$47="","","drucken")
A48: =IF($C$47="","","ok") | B48: 6 | M48: z42 | O48: m42 | V48: =IF($C$47="","","drucken")
A49: =IF($C$47="","","ok") | B49: 6 | D49: s22 | F49: =IF(E49<>"","?","") | I49: =IF(OR(G49="Ja",G49="JA",G49="ja",G49="Oui",G49="OUI",G49="oui"),100%, IF(OR(G49="Nein",G49="NEIN",G49="nein",G49="Oon",G49="NON",G49="non"),0%, IF(G49<>0, IF(H49>=G49,G49/H49, IF(H49<G49,H49/G49)), 0%))) -> 0 | J49: 0.7 | K49: 0.9 | L49: =IF(E49="","",IF(I49<=J49,3,IF(I49<=K49,2,1))) | M49: z43 | O49: m43 | V49: =IF($C$47="","","drucken")
A50: =IF($C$47="","","ok") | B50: 6 | M50: z44 | O50: m44 | V50: =IF($C$47="","","drucken")
A51: =IF($C$47="","","ok") | B51: 6 | D51: s23 | F51: =IF(E51<>"","?","") | I51: =IF(OR(G51="Ja",G51="JA",G51="ja",G51="Oui",G51="OUI",G51="oui"),100%, IF(OR(G51="Nein",G51="NEIN",G51="nein",G51="Oon",G51="NON",G51="non"),0%, IF(G51<>0, IF(H51>=G51,G51/H51, IF(H51<G51,H51/G51)), 0%))) -> 0 | J51: 0.7 | K51: 0.9 | L51: =IF(E51="","",IF(I51<=J51,3,IF(I51<=K51,2,1))) | M51: z45 | O51: m45 | V51: =IF($C$47="","","drucken")
A52: =IF($C$47="","","ok") | B52: 6 | M52: z46 | O52: m46 | V52: =IF($C$47="","","drucken")
A53: =IF($C$47="","","ok") | B53: 6 | D53: s24 | F53: =IF(E53<>"","?","") | I53: =IF(OR(G53="Ja",G53="JA",G53="ja",G53="Oui",G53="OUI",G53="oui"),100%, IF(OR(G53="Nein",G53="NEIN",G53="nein",G53="Oon",G53="NON",G53="non"),0%, IF(G53<>0, IF(H53>=G53,G53/H53, IF(H53<G53,H53/G53)), 0%))) -> 0 | J53: 0.7 | K53: 0.9 | L53: =IF(E53="","",IF(I53<=J53,3,IF(I53<=K53,2,1))) | M53: z47 | O53: m47 | V53: =IF($C$47="","","drucken")
A54: =IF($C$47="","","ok") | B54: 6 | M54: z48 | O54: m48 | V54: =IF($C$47="","","drucken")
A55: =IF($C$55="","","ok") | B55: 7 | D55: s25 | F55: =IF(E55<>"","?","") | I55: =IF(OR(G55="Ja",G55="JA",G55="ja",G55="Oui",G55="OUI",G55="oui"),100%, IF(OR(G55="Nein",G55="NEIN",G55="nein",G55="Oon",G55="NON",G55="non"),0%, IF(G55<>0, IF(H55>=G55,G55/H55, IF(H55<G55,H55/G55)), 0%))) -> 0 | J55: 0.7 | K55: 0.9 | L55: =IF(E55="","",IF(I55<=J55,3,IF(I55<=K55,2,1))) | M55: z49 | O55: m49 | V55: =IF($C$55="","","drucken")
A56: =IF($C$55="","","ok") | B56: 7 | M56: z50 | O56: m50 | V56: =IF($C$55="","","drucken")
A57: =IF($C$55="","","ok") | B57: 7 | D57: s26 | F57: =IF(E57<>"","?","") | I57: =IF(OR(G57="Ja",G57="JA",G57="ja",G57="Oui",G57="OUI",G57="oui"),100%, IF(OR(G57="Nein",G57="NEIN",G57="nein",G57="Oon",G57="NON",G57="non"),0%, IF(G57<>0, IF(H57>=G57,G57/H57, IF(H57<G57,H57/G57)), 0%))) -> 0 | J57: 0.7 | K57: 0.9 | L57: =IF(E57="","",IF(I57<=J57,3,IF(I57<=K57,2,1))) | M57: z51 | O57: m51 | V57: =IF($C$55="","","drucken")
A58: =IF($C$55="","","ok") | B58: 7 | M58: z52 | O58: m52 | V58: =IF($C$55="","","drucken")
A59: =IF($C$55="","","ok") | B59: 7 | D59: s27 | F59: =IF(E59<>"","?","") | I59: =IF(OR(G59="Ja",G59="JA",G59="ja",G59="Oui",G59="OUI",G59="oui"),100%, IF(OR(G59="Nein",G59="NEIN",G59="nein",G59="Oon",G59="NON",G59="non"),0%, IF(G59<>0, IF(H59>=G59,G59/H59, IF(H59<G59,H59/G59)), 0%))) -> 0 | J59: 0.7 | K59: 0.9 | L59: =IF(E59="","",IF(I59<=J59,3,IF(I59<=K59,2,1))) | M59: z53 | O59: m53 | V59: =IF($C$55="","","drucken")
A60: =IF($C$55="","","ok") | B60: 7 | M60: z54 | O60: m54 | V60: =IF($C$55="","","drucken")
A61: =IF($C$55="","","ok") | B61: 7 | D61: s28 | F61: =IF(E61<>"","?","") | I61: =IF(OR(G61="Ja",G61="JA",G61="ja",G61="Oui",G61="OUI",G61="oui"),100%, IF(OR(G61="Nein",G61="NEIN",G61="nein",G61="Oon",G61="NON",G61="non"),0%, IF(G61<>0, IF(H61>=G61,G61/H61, IF(H61<G61,H61/G61)), 0%))) -> 0 | J61: 0.7 | K61: 0.9 | L61: =IF(E61="","",IF(I61<=J61,3,IF(I61<=K61,2,1))) | M61: z55 | O61: m55 | V61: =IF($C$55="","","drucken")
A62: =IF($C$55="","","ok") | B62: 7 | M62: z56 | O62: m56 | V62: =IF($C$55="","","drucken")
A63: =IF($C$63="","","ok") | B63: 8 | D63: s29 | F63: =IF(E63<>"","?","") | I63: =IF(OR(G63="Ja",G63="JA",G63="ja",G63="Oui",G63="OUI",G63="oui"),100%, IF(OR(G63="Nein",G63="NEIN",G63="nein",G63="Oon",G63="NON",G63="non"),0%, IF(G63<>0, IF(H63>=G63,G63/H63, IF(H63<G63,H63/G63)), 0%))) -> 0 | J63: 0.7 | K63: 0.9 | L63: =IF(E63="","",IF(I63<=J63,3,IF(I63<=K63,2,1))) | M63: z57 | O63: m57 | V63: =IF($C$63="","","drucken")
A64: =IF($C$63="","","ok") | B64: 8 | M64: z58 | O64: m58 | V64: =IF($C$63="","","drucken")
A65: =IF($C$63="","","ok") | B65: 8 | D65: s30 | F65: =IF(E65<>"","?","") | I65: =IF(OR(G65="Ja",G65="JA",G65="ja",G65="Oui",G65="OUI",G65="oui"),100%, IF(OR(G65="Nein",G65="NEIN",G65="nein",G65="Oon",G65="NON",G65="non"),0%, IF(G65<>0, IF(H65>=G65,G65/H65, IF(H65<G65,H65/G65)), 0%))) -> 0 | J65: 0.7 | K65: 0.9 | L65: =IF(E65="","",IF(I65<=J65,3,IF(I65<=K65,2,1))) | M65: z59 | O65: m59 | V65: =IF($C$63="","","drucken")
A66: =IF($C$63="","","ok") | B66: 8 | M66: z60 | O66: m60 | V66: =IF($C$63="","","drucken")
A67: =IF($C$63="","","ok") | B67: 8 | D67: s31 | F67: =IF(E67<>"","?","") | I67: =IF(OR(G67="Ja",G67="JA",G67="ja",G67="Oui",G67="OUI",G67="oui"),100%, IF(OR(G67="Nein",G67="NEIN",G67="nein",G67="Oon",G67="NON",G67="non"),0%, IF(G67<>0, IF(H67>=G67,G67/H67, IF(H67<G67,H67/G67)), 0%))) -> 0 | J67: 0.7 | K67: 0.9 | L67: =IF(E67="","",IF(I67<=J67,3,IF(I67<=K67,2,1))) | M67: z61 | O67: m61 | V67: =IF($C$63="","","drucken")
A68: =IF($C$63="","","ok") | B68: 8 | M68: z62 | O68: m62 | V68: =IF($C$63="","","drucken")
A69: =IF($C$63="","","ok") | B69: 8 | D69: s32 | F69: =IF(E69<>"","?","") | I69: =IF(OR(G69="Ja",G69="JA",G69="ja",G69="Oui",G69="OUI",G69="oui"),100%, IF(OR(G69="Nein",G69="NEIN",G69="nein",G69="Oon",G69="NON",G69="non"),0%, IF(G69<>0, IF(H69>=G69,G69/H69, IF(H69<G69,H69/G69)), 0%))) -> 0 | J69: 0.7 | K69: 0.9 | L69: =IF(E69="","",IF(I69<=J69,3,IF(I69<=K69,2,1))) | M69: z63 | O69: m63 | V69: =IF($C$63="","","drucken")
A70: =IF($C$63="","","ok") | B70: 8 | M70: z64 | O70: m64 | V70: =IF($C$63="","","drucken")
A71: =IF($C$71="","","ok") | B71: 9 | D71: s33 | F71: =IF(E71<>"","?","") | I71: =IF(OR(G71="Ja",G71="JA",G71="ja",G71="Oui",G71="OUI",G71="oui"),100%, IF(OR(G71="Nein",G71="NEIN",G71="nein",G71="Oon",G71="NON",G71="non"),0%, IF(G71<>0, IF(H71>=G71,G71/H71, IF(H71<G71,H71/G71)), 0%))) -> 0 | J71: 0.7 | K71: 0.9 | L71: =IF(E71="","",IF(I71<=J71,3,IF(I71<=K71,2,1))) | M71: z65 | O71: m65 | V71: =IF($C$71="","","drucken")
A72: =IF($C$71="","","ok") | B72: 9 | M72: z66 | O72: m66 | V72: =IF($C$71="","","drucken")
A73: =IF($C$71="","","ok") | B73: 9 | D73: s34 | F73: =IF(E73<>"","?","") | I73: =IF(OR(G73="Ja",G73="JA",G73="ja",G73="Oui",G73="OUI",G73="oui"),100%, IF(OR(G73="Nein",G73="NEIN",G73="nein",G73="Oon",G73="NON",G73="non"),0%, IF(G73<>0, IF(H73>=G73,G73/H73, IF(H73<G73,H73/G73)), 0%))) -> 0 | J73: 0.7 | K73: 0.9 | L73: =IF(E73="","",IF(I73<=J73,3,IF(I73<=K73,2,1))) | M73: z67 | O73: m67 | V73: =IF($C$71="","","drucken")
A74: =IF($C$71="","","ok") | B74: 9 | M74: z68 | O74: m68 | V74: =IF($C$71="","","drucken")
A75: =IF($C$71="","","ok") | B75: 9 | D75: s35 | F75: =IF(E75<>"","?","") | I75: =IF(OR(G75="Ja",G75="JA",G75="ja",G75="Oui",G75="OUI",G75="oui"),100%, IF(OR(G75="Nein",G75="NEIN",G75="nein",G75="Oon",G75="NON",G75="non"),0%, IF(G75<>0, IF(H75>=G75,G75/H75, IF(H75<G75,H75/G75)), 0%))) -> 0 | J75: 0.7 | K75: 0.9 | L75: =IF(E75="","",IF(I75<=J75,3,IF(I75<=K75,2,1))) | M75: z69 | O75: m69 | V75: =IF($C$71="","","drucken")
A76: =IF($C$71="","","ok") | B76: 9 | M76: z70 | O76: m70 | V76: =IF($C$71="","","drucken")
A77: =IF($C$71="","","ok") | B77: 9 | D77: s36 | F77: =IF(E77<>"","?","") | I77: =IF(OR(G77="Ja",G77="JA",G77="ja",G77="Oui",G77="OUI",G77="oui"),100%, IF(OR(G77="Nein",G77="NEIN",G77="nein",G77="Oon",G77="NON",G77="non"),0%, IF(G77<>0, IF(H77>=G77,G77/H77, IF(H77<G77,H77/G77)), 0%))) -> 0 | J77: 0.7 | K77: 0.9 | L77: =IF(E77="","",IF(I77<=J77,3,IF(I77<=K77,2,1))) | M77: z71 | O77: m71 | V77: =IF($C$71="","","drucken")
A78: =IF($C$71="","","ok") | B78: 9 | M78: z72 | O78: m72 | V78: =IF($C$71="","","drucken")
A79: =IF($C$79="","","ok") | B79: 10 | D79: s37 | F79: =IF(E79<>"","?","") | I79: =IF(OR(G79="Ja",G79="JA",G79="ja",G79="Oui",G79="OUI",G79="oui"),100%, IF(OR(G79="Nein",G79="NEIN",G79="nein",G79="Oon",G79="NON",G79="non"),0%, IF(G79<>0, IF(H79>=G79,G79/H79, IF(H79<G79,H79/G79)), 0%))) -> 0 | J79: 0.7 | K79: 0.9 | L79: =IF(E79="","",IF(I79<=J79,3,IF(I79<=K79,2,1))) | M79: z73 | O79: m73 | V79: =IF($C$79="","","drucken")
A80: =IF($C$79="","","ok") | B80: 10 | M80: z74 | O80: m74 | V80: =IF($C$79="","","drucken")
A81: =IF($C$79="","","ok") | B81: 10 | D81: s38 | F81: =IF(E81<>"","?","") | I81: =IF(OR(G81="Ja",G81="JA",G81="ja",G81="Oui",G81="OUI",G81="oui"),100%, IF(OR(G81="Nein",G81="NEIN",G81="nein",G81="Oon",G81="NON",G81="non"),0%, IF(G81<>0, IF(H81>=G81,G81/H81, IF(H81<G81,H81/G81)), 0%))) -> 0 | J81: 0.7 | K81: 0.9 | L81: =IF(E81="","",IF(I81<=J81,3,IF(I81<=K81,2,1))) | M81: z75 | O81: m75 | V81: =IF($C$79="","","drucken")
A82: =IF($C$79="","","ok") | B82: 10 | M82: z76 | O82: m76 | V82: =IF($C$79="","","drucken")
A83: =IF($C$79="","","ok") | B83: 10 | D83: s39 | F83: =IF(E83<>"","?","") | I83: =IF(OR(G83="Ja",G83="JA",G83="ja",G83="Oui",G83="OUI",G83="oui"),100%, IF(OR(G83="Nein",G83="NEIN",G83="nein",G83="Oon",G83="NON",G83="non"),0%, IF(G83<>0, IF(H83>=G83,G83/H83, IF(H83<G83,H83/G83)), 0%))) -> 0 | J83: 0.7 | K83: 0.9 | L83: =IF(E83="","",IF(I83<=J83,3,IF(I83<=K83,2,1))) | M83: z77 | O83: m77 | V83: =IF($C$79="","","drucken")
A84: =IF($C$79="","","ok") | B84: 10 | M84: z78 | O84: m78 | V84: =IF($C$79="","","drucken")
A85: =IF($C$79="","","ok") | B85: 10 | D85: s40 | F85: =IF(E85<>"","?","") | I85: =IF(OR(G85="Ja",G85="JA",G85="ja",G85="Oui",G85="OUI",G85="oui"),100%, IF(OR(G85="Nein",G85="NEIN",G85="nein",G85="Oon",G85="NON",G85="non"),0%, IF(G85<>0, IF(H85>=G85,G85/H85, IF(H85<G85,H85/G85)), 0%))) -> 0 | J85: 0.7 | K85: 0.9 | L85: =IF(E85="","",IF(I85<=J85,3,IF(I85<=K85,2,1))) | M85: z79 | O85: m79 | V85: =IF($C$79="","","drucken")
A86: =IF($C$79="","","ok") | B86: 10 | M86: z80 | O86: m80 | V86: =IF($C$79="","","drucken")
A87: =IF($C$87="","","ok") -> ok | C87: © iManagement • s.imboden • www.2iManagement.ch | V87: =IF($C$79="","","drucken")

Sheet Zielgruppe
B1: =' '!A131 -> G R O U P E C I B L E
B4: =' '!A60 -> No. | C4: =' '!A132 -> Groupe cible | D4: =' '!A136 -> Itensité com. | E4: =' '!A137 -> Besoins en com. | F4: =' '!A138 -> Taille | G4: =' '!A133 -> Message clé | H4: =' '!A140 -> Effets attendus | I4: =' '!A67 -> Statut
B5: Z1 | C5: Zielgruppe 1 | D5: 3 | E5: 3 | F5: 2 | I5: 1 | J5: =IF(F5=3,3, IF(F5=2,2,1)) -> 2
B6: Z2 | C6: Zielgruppe 2 | D6: 8 | E6: 6 | F6: 1 | J6: =IF(F6=3,3, IF(F6=2,2,1)) -> 1
B7: Z3 | J7: =IF(F7=3,3, IF(F7=2,2,1)) -> 1
B8: Z4 | J8: =IF(F8=3,3, IF(F8=2,2,1)) -> 1
B9: Z5 | J9: =IF(F9=3,3, IF(F9=2,2,1)) -> 1
B10: Z6 | J10: =IF(F10=3,3, IF(F10=2,2,1)) -> 1
B11: Z7 | J11: =IF(F11=3,3, IF(F11=2,2,1)) -> 1
B12: Z8 | J12: =IF(F12=3,3, IF(F12=2,2,1)) -> 1
B13: Z9 | J13: =IF(F13=3,3, IF(F13=2,2,1)) -> 1
B14: Z10 | J14: =IF(F14=3,3, IF(F14=2,2,1)) -> 1
B15: Z11 | J15: =IF(F15=3,3, IF(F15=2,2,1)) -> 1
B16: Z12 | J16: =IF(F16=3,3, IF(F16=2,2,1)) -> 1
B17: Z13 | J17: =IF(F17=3,3, IF(F17=2,2,1)) -> 1
B18: Z14 | J18: =IF(F18=3,3, IF(F18=2,2,1)) -> 1
... B24: Z20 | J24: =IF(F24=3,3, IF(F24=2,2,1)) -> 1
B25: © iManagement • s.imboden • www.2iManagement.ch
H36: =IF(C5<>"",CONCATENATE(" ",B5," ",C5),"") -> Z1 Zielgruppe 1
H37: =IF(C6<>"",CONCATENATE(" ",B6," ",C6),"") -> Z2 Zielgruppe 2
H38: =IF(C7<>"",CONCATENATE(" ",B7," ",C7),"")
H39: =IF(C8<>"",CONCATENATE(" ",B8," ",C8),"")
H40: =IF(C9<>"",CONCATENATE(" ",B9," ",C9),"")
H41: =IF(C10<>"",CONCATENATE(" ",B10," ",C10),"")
H42: =IF(C11<>"",CONCATENATE(" ",B11," ",C11),"")
H43: =IF(C12<>"",CONCATENATE(" ",B12," ",C12),"")
H44: =IF(C13<>"",CONCATENATE(" ",B13," ",C13),"")
H45: =IF(C14<>"",CONCATENATE(" ",B14," ",C14),"")
H46: =IF(C15<>"",CONCATENATE(" ",B15," ",C15),"")
H47: =IF(C16<>"",CONCATENATE(" ",B16," ",C16),"")
... H55: =IF(C24<>"",CONCATENATE(" ",B24," ",C24),"")

Sheet Distribution
B1: =' '!A141 -> C A N A U X D E C O M M U N I C A T I O N
B5: =' '!A60 -> No. | C5: =' '!A142 -> Groupe cible | E5: =' '!A143 -> Canal de communication | F5: =' '!A165 -> Remarques | G5: =' '!A67 -> Statut
B7: 1 | C7: =IF(Zielgruppe!C5<>"",Zielgruppe!C5,"") -> Zielgruppe 1 | E7: =' '!A200 -> Interne | G7: 2
B8: 2 | C8: =IF(Zielgruppe!C6<>"",Zielgruppe!C6,"") -> Zielgruppe 2 | E8: =' '!A201 -> Externe | G8: 3
B9: 3 | C9: =IF(Zielgruppe!C7<>"",Zielgruppe!C7,"") | E9: =' '!A202 -> Internet
B10: 4 | C10: =IF(Zielgruppe!C8<>"",Zielgruppe!C8,"") | E10: =' '!A203 -> Social Medias
B11: 5 | C11: =IF(Zielgruppe!C9<>"",Zielgruppe!C9,"") | E11: =' '!A204 -> Relations publiques
B12: 6 | C12: =IF(Zielgruppe!C10<>"",Zielgruppe!C10,"")
B13: 7 | C13: =IF(Zielgruppe!C11<>"",Zielgruppe!C11,"")
B14: 8 | C14: =IF(Zielgruppe!C12<>"",Zielgruppe!C12,"")
B15: 9 | C15: =IF(Zielgruppe!C13<>"",Zielgruppe!C13,"")
B16: 10 | C16: =IF(Zielgruppe!C14<>"",Zielgruppe!C14,"")
B17: 11 | C17: =IF(Zielgruppe!C15<>"",Zielgruppe!C15,"")
B18: 12 | C18: =IF(Zielgruppe!C16<>"",Zielgruppe!C16,"")
B19: 13 | C19: =IF(Zielgruppe!C17<>"",Zielgruppe!C17,"")
B20: 14 | C20: =IF(Zielgruppe!C18<>"",Zielgruppe!C18,"")
B21: 15 | C21: =IF(Zielgruppe!C19<>"",Zielgruppe!C19,"")
B22: 16 | C22: =IF(Zielgruppe!C20<>"",Zielgruppe!C20,"")
B23: 17 | C23: =IF(Zielgruppe!C21<>"",Zielgruppe!C21,"")
... B26: 20 | C26: =IF(Zielgruppe!C24<>"",Zielgruppe!C24,"")
B28: © iManagement • s.imboden • www.2iManagement.ch | G28: =' '!A215 -> Copy arrow: ctrl and left mouse button

Sheet Empathy
B1: =' '!A185 -> C U S T O M E R E M P A T H Y M A P
B39: © iManagement • s.imboden • www.2iManagement.ch

Sheet Risikomgmt
B1: =' '!A92 -> R I S Q U E S C O M M U N I C A T I O N
B4: =' '!A101 -> No. | C4: =' '!A102 -> Risque | D4: =' '!A105 -> Étendue des dommages | E4: =' '!A104 -> Probabilité d'occurrence | F4: =' '!A103 -> Impact | G4: =' '!A106 -> Ten- dance | H4: =' '!A107 -> Mesures possibles | I4: =' '!A108 -> Statut
B5: R1 | C5: Risk 1 | D5: 3 | E5: 9 | G5: 3 | I5: 1 | J5: 1
B6: R2 | C6: Risk 2 | D6: 8 | E6: 10 | G6: 2 | I6: 3 | J6: 1
B7: R3 | J7: 1
B8: R4 | J8: 1
B9: R5 | J9: 1
B10: R6 | J10: 1
B11: R7 | J11: 1
B12: R8 | J12: 1
B13: R9 | J13: 1
B14: R10 | J14: 1
B15: R11 | J15: 1
B16: R12 | J16: 1
B17: R13 | J17: 1
B18: R14 | J18: 1
B19: R15 | J19: 1
B20: © iManagement • s.imboden • www.2iManagement.ch
C56: © iManagement • s.imboden • www.2iManagement.ch

Sheet Kommunikation
B1: =' '!A199 -> M E S U R E S D E C O M M U N I C A T I O N
A4: x!A192
B7: =' '!A200 -> Interne
B8: =' '!A207 -> No. | C8: =' '!A208 -> Mesure | D8: =' '!A210 -> Qui ? | E8: =' '!A211 -> Quand ? | F8: =' '!A212 -> Priorité | G8: =' '!A213 -> Remarques | H8: =' '!A214 -> Statut
B9: 1 | F9: 3 | H9: 1 | I9: =IF(F9=0,0.1,F9) -> 3
B10: 2 | F10: 4 | I10: =IF(F10=0,0.1,F10) -> 4
B11: 3 | F11: 1 | I11: =IF(F11=0,0.1,F11) -> 1
B12: 4 | F12: 4 | I12: =IF(F12=0,0.1,F12) -> 4
B13: 5 | I13: =IF(F13=0,0.1,F13) -> 0.1
B14: 6 | I14: =IF(F14=0,0.1,F14) -> 0.1
B15: 7 | I15: =IF(F15=0,0.1,F15) -> 0.1
B16: 8 | I16: =IF(F16=0,0.1,F16) -> 0.1
B17: 9 | I17: =IF(F17=0,0.1,F17) -> 0.1
B18: 10 | I18: =IF(F18=0,0.1,F18) -> 0.1
B20: =' '!A201 -> Externe
B21: =$B$8 -> No. | C21: =$C$8 -> Mesure | D21: =$D$8 -> Qui ? | E21: =$E$8 -> Quand ? | F21: =$F$8 -> Priorité | G21: =G8 -> Remarques | H21: =$H$8 -> Statut
B22: 1 | F22: 3 | H22: 2 | I22: =IF(F22=0,0.1,F22) -> 3
B23: 2 | F23: 2 | I23: =IF(F23=0,0.1,F23) -> 2
B24: 3 | F24: 4 | I24: =IF(F24=0,0.1,F24) -> 4
B25: 4 | F25: 3 | I25: =IF(F25=0,0.1,F25) -> 3
B26: 5 | F26: 2 | I26: =IF(F26=0,0.1,F26) -> 2
B27: 6 | I27: =IF(F27=0,0.1,F27) -> 0.1
B28: 7 | I28: =IF(F28=0,0.1,F28) -> 0.1
B29: 8 | I29: =IF(F29=0,0.1,F29) -> 0.1
B30: 9 | I30: =IF(F30=0,0.1,F30) -> 0.1
B31: 10 | I31: =IF(F31=0,0.1,F31) -> 0.1
B33: =' '!A202 -> Internet
B34: =$B$8 -> No. | C34: =$C$8 -> Mesure | D34: =$D$8 -> Qui ? | E34: =$E$8 -> Quand ? | F34: =$F$8 -> Priorité | G34: =G21 -> Remarques | H34: =$H$8 -> Statut
B35: 1 | F35: 1 | H35: 2 | I35: =IF(F35=0,0.1,F35) -> 1
B36: 2 | F36: 2 | I36: =IF(F36=0,0.1,F36) -> 2
B37: 3 | I37: =IF(F37=0,0.1,F37) -> 0.1
B38: 4 | I38: =IF(F38=0,0.1,F38) -> 0.1
B39: 5 | I39: =IF(F39=0,0.1,F39) -> 0.1
B40: 6 | I40: =IF(F40=0,0.1,F40) -> 0.1
B41: 7 | I41: =IF(F41=0,0.1,F41) -> 0.1
B42: 8 | I42: =IF(F42=0,0.1,F42) -> 0.1
B43: 9 | I43: =IF(F43=0,0.1,F43) -> 0.1
B44: 10 | I44: =IF(F44=0,0.1,F44) -> 0.1
B46: =' '!A203 -> Social Medias
B47: =$B$8 -> No. | C47: =$C$8 -> Mesure | D47: =$D$8 -> Qui ? | E47: =$E$8 -> Quand ? | F47: =$F$8 -> Priorité | G47: =G34 -> Remarques | H47: =$H$8 -> Statut
B48: 1 | F48: 3 | H48: 2 | I48: =IF(F48=0,0.1,F48) -> 3
B49: 2 | F49: 2 | I49: =IF(F49=0,0.1,F49) -> 2
B50: 3 | F50: 4 | I50: =IF(F50=0,0.1,F50) -> 4
B51: 4 | I51: =IF(F51=0,0.1,F51) -> 0.1
B52: 5 | I52: =IF(F52=0,0.1,F52) -> 0.1
B53: 6 | I53: =IF(F53=0,0.1,F53) -> 0.1
B54: 7 | I54: =IF(F54=0,0.1,F54) -> 0.1
B55: 8 | I55: =IF(F55=0,0.1,F55) -> 0.1
B56: 9 | I56: =IF(F56=0,0.1,F56) -> 0.1
B57: 10 | I57: =IF(F57=0,0.1,F57) -> 0.1
B59: =' '!A204 -> Relations publiques
B60: =$B$8 -> No. | C60: =$C$8 -> Mesure | D60: =$D$8 -> Qui ? | E60: =$E$8 -> Quand ? | F60: =$F$8 -> Priorité | G60: =G47 -> Remarques | H60: =$H$8 -> Statut
B61: 1 | F61: 4 | H61: 2 | I61: =IF(F61=0,0.1,F61) -> 4
B62: 2 | F62: 2 | I62: =IF(F62=0,0.1,F62) -> 2
B63: 3 | F63: 3 | I63: =IF(F63=0,0.1,F63) -> 3
B64: 4 | I64: =IF(F64=0,0.1,F64) -> 0.1
B65: 5 | I65: =IF(F65=0,0.1,F65) -> 0.1
B66: 6 | I66: =IF(F66=0,0.1,F66) -> 0.1
B67: 7 | I67: =IF(F67=0,0.1,F67) -> 0.1
B68: 8 | I68: =IF(F68=0,0.1,F68) -> 0.1
B69: 9 | I69: =IF(F69=0,0.1,F69) -> 0.1
B70: 10 | I70: =IF(F70=0,0.1,F70) -> 0.1
B72: =' '!A205 -> Divers
B73: =$B$8 -> No. | C73: =$C$8 -> Mesure | D73: =$D$8 -> Qui ? | E73: =$E$8 -> Quand ? | F73: =$F$8 -> Priorité | G73: =G60 -> Remarques | H73: =$H$8 -> Statut
B74: 1 | F74: 1 | H74: 2 | I74: =IF(F74=0,0.1,F74) -> 1
B75: 2 | F75: 3 | I75: =IF(F75=0,0.1,F75) -> 3
B76: 3 | I76: =IF(F76=0,0.1,F76) -> 0.1
B77: 4 | I77: =IF(F77=0,0.1,F77) -> 0.1
B78: 5 | I78: =IF(F78=0,0.1,F78) -> 0.1
B79: 6 | I79: =IF(F79=0,0.1,F79) -> 0.1
B80: 7 | I80: =IF(F80=0,0.1,F80) -> 0.1
B81: 8 | I81: =IF(F81=0,0.1,F81) -> 0.1
B82: 9 | I82: =IF(F82=0,0.1,F82) -> 0.1
B83: 10 | I83: =IF(F83=0,0.1,F83) -> 0.1
B84: © iManagement • s.imboden • www.2iManagement.ch

Sheet Budget
B1: =' '!A193 -> C O M M U N I C A T I O N B U D G E T
Q4: letzte Spalte | R4: vorletzte | S4: Abweichung | T4: in%
C5: =' '!A194 -> Description | D5: =CONCATENATE(' '!A196," ",' '!A195,"/",INDIRECT(Q5)," ") -> atteint DOIT/2015 | E5: =CONCATENATE(' '!A197," ",INDIRECT(R5)) -> écart 2014 | F5: =CONCATENATE(' '!A195," ",INDIRECT(Q5)) -> DOIT 2015 | G5: 2014 | H5: =G5+1 -> 2015 | I5: =H5+1 -> 2016 | J5: =I5+1 -> 2017 | K5: =J5+1 -> 2018 | L5: =K5+1 -> 2019 | M5: =L5+1 -> 2020 | N5: =M5+1 -> 2021 | O5: =N5+1 -> 2022 | P5: =O5+1 -> 2023 | Q5: =(ADDRESS(ROW(),COLUMN(INDIRECT(Q7)))) -> $H$5 | R5: =(ADDRESS(ROW(),COLUMN(INDIRECT(R7)))) -> $G$5 | T5: in%
F6: =F5 -> DOIT 2015 | G6: =G5 -> 2014 | H6: =H5 -> 2015 | I6: =I5 -> 2016 | J6: =J5 -> 2017 | K6: =K5 -> 2018 | L6: =L5 -> 2019 | M6: =M5 -> 2020 | ... P6: =P5 -> 2023
B7: 1 | C7: Internet | D7: =IF(F7<>0,IF(F7<INDIRECT(Q7),F7/INDIRECT(Q7),INDIRECT(Q7)/F7),"") -> 0.9 | E7: =IF(H7<>0,T7,0) -> 0.125 | F7: 100 | G7: 80 | H7: 90 | Q7: =(ADDRESS(ROW(),COLUMN()-12+MATCH(1,FREQUENCY(1,N(G7:P7="")),))) -> $H$7 | R7: =(ADDRESS(ROW(),COLUMN()-14+MATCH(1,FREQUENCY(1,N(G7:P7="")),))) -> $G$7 | S7: =IF(F7<>0,INDIRECT(Q7)-INDIRECT(R7),0) -> 10 | T7: =IF(S7<>0,S7/INDIRECT(R7),0) -> 0.125
B8: 2 | C8: Flyer | D8: =IF(F8<>0,IF(F8<INDIRECT(Q8),F8/INDIRECT(Q8),INDIRECT(Q8)/F8),"") -> 0.75 | E8: =IF(H8<>0,T8,0) -> 0.2 | F8: 80 | G8: 50 | H8: 60 | Q8: =(ADDRESS(ROW(),COLUMN()-12+MATCH(1,FREQUENCY(1,N(G8:P8="")),))) -> $H$8 | R8: =(ADDRESS(ROW(),COLUMN()-14+MATCH(1,FREQUENCY(1,N(G8:P8="")),))) -> $G$8 | S8: =IF(F8<>0,INDIRECT(Q8)-INDIRECT(R8),0) -> 10 | T8: =IF(S8<>0,S8/INDIRECT(R8),0) -> 0.2
B9: 3 | D9: =IF(F9<>0,IF(F9<INDIRECT(Q9),F9/INDIRECT(Q9),INDIRECT(Q9)/F9),"") | E9: =IF(H9<>0,T9,0) -> 0 | Q9: =(ADDRESS(ROW(),COLUMN()-12+MATCH(1,FREQUENCY(1,N(G9:P9="")),))) -> $F$9 | R9: =(ADDRESS(ROW(),COLUMN()-14+MATCH(1,FREQUENCY(1,N(G9:P9="")),))) -> $E$9 | S9: =IF(F9<>0,INDIRECT(Q9)-INDIRECT(R9),0) -> 0 | T9: =IF(S9<>0,S9/INDIRECT(R9),0) -> 0
B10: 4 | D10: =IF(F10<>0,IF(F10<INDIRECT(Q10),F10/INDIRECT(Q10),INDIRECT(Q10)/F10),"") | E10: =IF(H10<>0,T10,0) -> 0 | Q10: =(ADDRESS(ROW(),COLUMN()-12+MATCH(1,FREQUENCY(1,N(G10:P10="")),))) -> $F$10 | R10: =(ADDRESS(ROW(),COLUMN()-14+MATCH(1,FREQUENCY(1,N(G10:P10="")),))) -> $E$10 | S10: =IF(F10<>0,INDIRECT(Q10)-INDIRECT(R10),0) -> 0 | T10: =IF(S10<>0,S10/INDIRECT(R10),0) -> 0
B11: 5 | D11: =IF(F11<>0,IF(F11<INDIRECT(Q11),F11/INDIRECT(Q11),INDIRECT(Q11)/F11),"") | E11: =IF(H11<>0,T11,0) -> 0 | Q11: =(ADDRESS(ROW(),COLUMN()-12+MATCH(1,FREQUENCY(1,N(G11:P11="")),))) -> $F$11 | R11: =(ADDRESS(ROW(),COLUMN()-14+MATCH(1,FREQUENCY(1,N(G11:P11="")),))) -> $E$11 | S11: =IF(F11<>0,INDIRECT(Q11)-INDIRECT(R11),0) -> 0 | T11: =IF(S11<>0,S11/INDIRECT(R11),0) -> 0
B12: 6 | D12: =IF(F12<>0,IF(F12<INDIRECT(Q12),F12/INDIRECT(Q12),INDIRECT(Q12)/F12),"") | E12: =IF(H12<>0,T12,0) -> 0 | Q12: =(ADDRESS(ROW(),COLUMN()-12+MATCH(1,FREQUENCY(1,N(G12:P12="")),))) -> $F$12 | R12: =(ADDRESS(ROW(),COLUMN()-14+MATCH(1,FREQUENCY(1,N(G12:P12="")),))) -> $E$12 | S12: =IF(F12<>0,INDIRECT(Q12)-INDIRECT(R12),0) -> 0 | T12: =IF(S12<>0,S12/INDIRECT(R12),0) -> 0
B13: 7 | D13: =IF(F13<>0,IF(F13<INDIRECT(Q13),F13/INDIRECT(Q13),INDIRECT(Q13)/F13),"") | E13: =IF(H13<>0,T13,0) -> 0 | Q13: =(ADDRESS(ROW(),COLUMN()-12+MATCH(1,FREQUENCY(1,N(G13:P13="")),))) -> $F$13 | R13: =(ADDRESS(ROW(),COLUMN()-14+MATCH(1,FREQUENCY(1,N(G13:P13="")),))) -> $E$13 | S13: =IF(F13<>0,INDIRECT(Q13)-INDIRECT(R13),0) -> 0 | T13: =IF(S13<>0,S13/INDIRECT(R13),0) -> 0
B14: 8 | D14: =IF(F14<>0,IF(F14<INDIRECT(Q14),F14/INDIRECT(Q14),INDIRECT(Q14)/F14),"") | E14: =IF(H14<>0,T14,0) -> 0 | Q14: =(ADDRESS(ROW(),COLUMN()-12+MATCH(1,FREQUENCY(1,N(G14:P14="")),))) -> $F$14 | R14: =(ADDRESS(ROW(),COLUMN()-14+MATCH(1,FREQUENCY(1,N(G14:P14="")),))) -> $E$14 | S14: =IF(F14<>0,INDIRECT(Q14)-INDIRECT(R14),0) -> 0 | T14: =IF(S14<>0,S14/INDIRECT(R14),0) -> 0
B15: 9 | D15: =IF(F15<>0,IF(F15<INDIRECT(Q15),F15/INDIRECT(Q15),INDIRECT(Q15)/F15),"") | E15: =IF(H15<>0,T15,0) -> 0 | Q15: =(ADDRESS(ROW(),COLUMN()-12+MATCH(1,FREQUENCY(1,N(G15:P15="")),))) -> $F$15 | R15: =(ADDRESS(ROW(),COLUMN()-14+MATCH(1,FREQUENCY(1,N(G15:P15="")),))) -> $E$15 | S15: =IF(F15<>0,INDIRECT(Q15)-INDIRECT(R15),0) -> 0 | T15: =IF(S15<>0,S15/INDIRECT(R15),0) -> 0
B16: 10 | D16: =IF(F16<>0,IF(F16<INDIRECT(Q16),F16/INDIRECT(Q16),INDIRECT(Q16)/F16),"") | E16: =IF(H16<>0,T16,0) -> 0 | Q16: =(ADDRESS(ROW(),COLUMN()-12+MATCH(1,FREQUENCY(1,N(G16:P16="")),))) -> $F$16 | R16: =(ADDRESS(ROW(),COLUMN()-14+MATCH(1,FREQUENCY(1,N(G16:P16="")),))) -> $E$16 | S16: =IF(F16<>0,INDIRECT(Q16)-INDIRECT(R16),0) -> 0 | T16: =IF(S16<>0,S16/INDIRECT(R16),0) -> 0
B17: 11 | D17: =IF(F17<>0,IF(F17<INDIRECT(Q17),F17/INDIRECT(Q17),INDIRECT(Q17)/F17),"") | E17: =IF(H17<>0,T17,0) -> 0 | Q17: =(ADDRESS(ROW(),COLUMN()-12+MATCH(1,FREQUENCY(1,N(G17:P17="")),))) -> $F$17 | R17: =(ADDRESS(ROW(),COLUMN()-14+MATCH(1,FREQUENCY(1,N(G17:P17="")),))) -> $E$17 | S17: =IF(F17<>0,INDIRECT(Q17)-INDIRECT(R17),0) -> 0 | T17: =IF(S17<>0,S17/INDIRECT(R17),0) -> 0
B18: 12 | D18: =IF(F18<>0,IF(F18<INDIRECT(Q18),F18/INDIRECT(Q18),INDIRECT(Q18)/F18),"") | E18: =IF(H18<>0,T18,0) -> 0 | Q18: =(ADDRESS(ROW(),COLUMN()-12+MATCH(1,FREQUENCY(1,N(G18:P18="")),))) -> $F$18 | R18: =(ADDRESS(ROW(),COLUMN()-14+MATCH(1,FREQUENCY(1,N(G18:P18="")),))) -> $E$18 | S18: =IF(F18<>0,INDIRECT(Q18)-INDIRECT(R18),0) -> 0 | T18: =IF(S18<>0,S18/INDIRECT(R18),0) -> 0
B19: 13 | D19: =IF(F19<>0,IF(F19<INDIRECT(Q19),F19/INDIRECT(Q19),INDIRECT(Q19)/F19),"") | E19: =IF(H19<>0,T19,0) -> 0 | Q19: =(ADDRESS(ROW(),COLUMN()-12+MATCH(1,FREQUENCY(1,N(G19:P19="")),))) -> $F$19 | R19: =(ADDRESS(ROW(),COLUMN()-14+MATCH(1,FREQUENCY(1,N(G19:P19="")),))) -> $E$19 | S19: =IF(F19<>0,INDIRECT(Q19)-INDIRECT(R19),0) -> 0 | T19: =IF(S19<>0,S19/INDIRECT(R19),0) -> 0
B20: 14 | D20: =IF(F20<>0,IF(F20<INDIRECT(Q20),F20/INDIRECT(Q20),INDIRECT(Q20)/F20),"") | E20: =IF(H20<>0,T20,0) -> 0 | Q20: =(ADDRESS(ROW(),COLUMN()-12+MATCH(1,FREQUENCY(1,N(G20:P20="")),))) -> $F$20 | R20: =(ADDRESS(ROW(),COLUMN()-14+MATCH(1,FREQUENCY(1,N(G20:P20="")),))) -> $E$20 | S20: =IF(F20<>0,INDIRECT(Q20)-INDIRECT(R20),0) -> 0 | T20: =IF(S20<>0,S20/INDIRECT(R20),0) -> 0
... B65: 59 | D65: =IF(F65<>0,IF(F65<INDIRECT(Q65),F65/INDIRECT(Q65),INDIRECT(Q65)/F65),"") | E65: =IF(H65<>0,T65,0) -> 0 | Q65: =(ADDRESS(ROW(),COLUMN()-12+MATCH(1,FREQUENCY(1,N(G65:P65="")),))) -> $F$65 | R65: =(ADDRESS(ROW(),COLUMN()-14+MATCH(1,FREQUENCY(1,N(G65:P65="")),))) -> $E$65 | S65: =IF(F65<>0,INDIRECT(Q65)-INDIRECT(R65),0) -> 0 | T65: =IF(S65<>0,S65/INDIRECT(R65),0) -> 0
B66: 60 | C66: =' '!A198 -> TOTAL BUDGET | D66: =IF(F66<>0,IF(F66<INDIRECT(Q66),F66/INDIRECT(Q66),INDIRECT(Q66)/F66),"") -> 0.83333333 | E66: =IF(H66<>0,T66,0) -> 0.15384615 | F66: =SUM(F7:F65) -> 180 | G66: =SUM(G7:G65) -> 130 | H66: =SUM(H7:H65) -> 150 | I66: =SUM(I7:I65) -> 0 | J66: =SUM(J7:J65) -> 0 | K66: =SUM(K7:K65) -> 0 | L66: =SUM(L7:L65) -> 0 | M66: =SUM(M7:M65) -> 0 | ... P66: =SUM(P7:P65) -> 0 | Q66: =(ADDRESS(ROW(),COLUMN()-12+MATCH(1,FREQUENCY(1,N(G7:P7="")),))) -> $H$66 | R66: =(ADDRESS(ROW(),COLUMN()-14+MATCH(1,FREQUENCY(1,N(G7:P7="")),))) -> $G$66 | S66: =IF(F66<>0,INDIRECT(Q66)-INDIRECT(R66),0) -> 20 | T66: =IF(S66<>0,S66/INDIRECT(R66),0) -> 0.15384615
C67: © iManagement • s.imboden • www.2iManagement.ch
C69: =' '!A198 -> TOTAL BUDGET
D71: =COUNTIF($D$7:$D$26,"<=70%") -> 0 | F71: =(COUNTIF($D$7:$D$26,">70%"))-(COUNTIF($D$7:$D$26,">90%")) -> 2 | G71: =COUNTIF($D$7:$D$26,">=90%") -> 1
D72: =COUNTIF(D27:D40,"<=70%") -> 0 | F72: =(COUNTIF(D27:D40,">70%"))-(COUNTIF(D27:D40,">90%")) -> 0 | G72: =COUNTIF(D27:D40,">=90%") -> 0
D73: =COUNTIF(D41:D50,"<=70%") -> 0 | F73: =(COUNTIF(D41:D50,">70%"))-(COUNTIF(D41:D50,">90%")) -> 0 | G73: =COUNTIF(D41:D50,">=90%") -> 0
D74: =COUNTIF(D51:D56,"<=70%") -> 0 | F74: =(COUNTIF(D51:D56,">70%"))-(COUNTIF(D51:D56,">90%")) -> 0 | G74: =COUNTIF(D51:D56,">=90%") -> 0
D75: =COUNTIF(D57:D66,"<=70%") -> 0 | F75: =(COUNTIF(D57:D66,">70%"))-(COUNTIF(D57:D66,">90%")) -> 1 | G75: =COUNTIF(D57:D66,">=90%") -> 0
C180: =INDIRECT("d5") -> atteint DOIT/2015
B181: =B7 -> 1 | C181: =INDIRECT("D7") -> 0.9
B182: =B8 -> 2 | C182: =INDIRECT("D8") -> 0.75
B183: =B9 -> 3 | C183: =INDIRECT("D9")
B184: =B10 -> 4 | C184: =INDIRECT("D10")
B185: =B11 -> 5 | C185: =INDIRECT("D11")
B186: =B12 -> 6 | C186: =INDIRECT("D12")
B187: =B27 -> 21 | C187: =INDIRECT("D27")
B188: =B28 -> 22 | C188: =INDIRECT("D28")
B189: =B29 -> 23 | C189: =INDIRECT("D29")
B190: =B30 -> 24 | C190: =INDIRECT("D30")
B191: =B31 -> 25 | C191: =INDIRECT("D31")
B192: =B32 -> 26 | C192: =INDIRECT("D32")
B193: =B41 -> 35 | C193: =INDIRECT("D41")
B194: =B42 -> 36 | C194: =INDIRECT("D42")
B195: =B43 -> 37 | C195: =INDIRECT("D43")
B196: =B44 -> 38 | C196: =INDIRECT("D44")
B197: =B45 -> 39 | C197: =INDIRECT("D45")
B198: =B46 -> 40 | C198: =INDIRECT("D46")
B199: =B51 -> 45 | C199: =INDIRECT("D51")
B200: =B52 -> 46 | C200: =INDIRECT("D52")
B201: =B53 -> 47 | C201: =INDIRECT("D53")
B202: =B54 -> 48 | C202: =INDIRECT("D54")
B203: =B55 -> 49 | C203: =INDIRECT("D55")
B204: =B56 -> 50 | C204: =INDIRECT("D56")
B205: =B57 -> 51 | C205: =INDIRECT("D57")
B206: =B58 -> 52 | C206: =INDIRECT("D58")
B207: =B59 -> 53 | C207: =INDIRECT("D59")
B208: =B60 -> 54 | C208: =INDIRECT("D60")
B209: =B61 -> 55 | C209: =INDIRECT("D61")
B210: =B62 -> 56 | C210: =INDIRECT("D62")

Sheet sIndikatoren
C1: =' '!A171 -> I N D I C A T E U R S O B J E C T I F S
C5: i1 | D5: =__s1 -> Indikator 1
D7: =' '!$A$168 -> Description/Remarques
D9: =' '!$A$167 -> Calcul
D11: =' '!$A$169 -> Source | E11: =' '!$A$170 -> Moment de l'enquête & Comparaison avec la branche
C17: i2 | D17: =Massnahmen!E9 -> 0
D19: =' '!$A$168 -> Description/Remarques
D21: =' '!$A$167 -> Calcul
D23: =' '!$A$169 -> Source | E23: =' '!$A$170 -> Moment de l'enquête & Comparaison avec la branche
C29: i3 | D29: =__s3 -> 0
D31: =' '!$A$168 -> Description/Remarques
D33: =' '!$A$167 -> Calcul
D35: =' '!$A$169 -> Source | E35: =' '!$A$170 -> Moment de l'enquête & Comparaison avec la branche
C41: i4 | D41: =__s4 -> 0
D43: =' '!$A$168 -> Description/Remarques
D45: =' '!$A$167 -> Calcul
D47: =' '!$A$169 -> Source | E47: =' '!$A$170 -> Moment de l'enquête & Comparaison avec la branche
C53: i5 | D53: =__s5 -> 0
D55: =' '!$A$168 -> Description/Remarques
D57: =' '!$A$167 -> Calcul
D59: =' '!$A$169 -> Source | E59: =' '!$A$170 -> Moment de l'enquête & Comparaison avec la branche
C65: i6 | D65: =__s6 -> 0
D67: =' '!$A$168 -> Description/Remarques
D69: =' '!$A$167 -> Calcul
D71: =' '!$A$169 -> Source | E71: =' '!$A$170 -> Moment de l'enquête & Comparaison avec la branche
C77: i7 | D77: =__s7 -> 0
D79: =' '!$A$168 -> Description/Remarques
D81: =' '!$A$167 -> Calcul
D83: =' '!$A$169 -> Source | E83: =' '!$A$170 -> Moment de l'enquête & Comparaison avec la branche
C89: i8 | D89: =__s8 -> 0
D91: =' '!$A$168 -> Description/Remarques
D93: =' '!$A$167 -> Calcul
D95: =' '!$A$169 -> Source | E95: =' '!$A$170 -> Moment de l'enquête & Comparaison avec la branche
C101: i9 | D101: =__s9 -> 0
D103: =' '!$A$168 -> Description/Remarques
D105: =' '!$A$167 -> Calcul
D107: =' '!$A$169 -> Source | E107: =' '!$A$170 -> Moment de l'enquête & Comparaison avec la branche
C113: i10 | D113: =__s10 -> 0
D115: =' '!$A$168 -> Description/Remarques
D117: =' '!$A$167 -> Calcul
D119: =' '!$A$169 -> Source | E119: =' '!$A$170 -> Moment de l'enquête & Comparaison avec la branche
C125: i11 | D125: =__s11 -> 0
D127: =' '!$A$168 -> Description/Remarques
D129: =' '!$A$167 -> Calcul
D131: =' '!$A$169 -> Source | E131: =' '!$A$170 -> Moment de l'enquête & Comparaison avec la branche
C137: i12 | D137: =__s12 -> 0
D139: =' '!$A$168 -> Description/Remarques
D141: =' '!$A$167 -> Calcul
D143: =' '!$A$169 -> Source | E143: =' '!$A$170 -> Moment de l'enquête & Comparaison avec la branche
C149: i13 | D149: =__s13 -> 0
D151: =' '!$A$168 -> Description/Remarques
D153: =' '!$A$167 -> Calcul
D155: =' '!$A$169 -> Source | E155: =' '!$A$170 -> Moment de l'enquête & Comparaison avec la branche
C161: i14 | D161: =__s14 -> 0
D163: =' '!$A$168 -> Description/Remarques
D165: =' '!$A$167 -> Calcul
D167: =' '!$A$169 -> Source | E167: =' '!$A$170 -> Moment de l'enquête & Comparaison avec la branche
C173: i15 | D173: =__s15 -> 0
D175: =' '!$A$168 -> Description/Remarques
D177: =' '!$A$167 -> Calcul
D179: =' '!$A$169 -> Source | E179: =' '!$A$170 -> Moment de l'enquête & Comparaison avec la branche
C185: i16 | D185: =__s16 -> 0
D187: =' '!$A$168 -> Description/Remarques
D189: =' '!$A$167 -> Calcul
D191: =' '!$A$169 -> Source | E191: =' '!$A$170 -> Moment de l'enquête & Comparaison avec la branche
C197: i17 | D197: =__s17 -> 0
D199: =' '!$A$168 -> Description/Remarques
D201: =' '!$A$167 -> Calcul
D203: =' '!$A$169 -> Source | E203: =' '!$A$170 -> Moment de l'enquête & Comparaison avec la branche
C209: i18 | D209: =__s18 -> 0
D211: =' '!$A$168 -> Description/Remarques
D213: =' '!$A$167 -> Calcul
D215: =' '!$A$169 -> Source | E215: =' '!$A$170 -> Moment de l'enquête & Comparaison avec la branche
C221: i19 | D221: =__s19 -> 0
D223: =' '!$A$168 -> Description/Remarques
D225: =' '!$A$167 -> Calcul
D227: =' '!$A$169 -> Source | E227: =' '!$A$170 -> Moment de l'enquête & Comparaison avec la branche
C233: i20 | D233: =__s20 -> 0
D235: =' '!$A$168 -> Description/Remarques
D237: =' '!$A$167 -> Calcul
D239: =' '!$A$169 -> Source | E239: =' '!$A$170 -> Moment de l'enquête & Comparaison avec la branche
C245: i21 | D245: =__s21 -> 0
D247: =' '!$A$168 -> Description/Remarques
D249: =' '!$A$167 -> Calcul
D251: =' '!$A$169 -> Source | E251: =' '!$A$170 -> Moment de l'enquête & Comparaison avec la branche
C257: i22 | D257: =__s22 -> 0
D259: =' '!$A$168 -> Description/Remarques
D261: =' '!$A$167 -> Calcul
D263: =' '!$A$169 -> Source | E263: =' '!$A$170 -> Moment de l'enquête & Comparaison avec la branche
C269: i23 | D269: =__s23 -> 0
D271: =' '!$A$168 -> Description/Remarques
D273: =' '!$A$167 -> Calcul
D275: =' '!$A$169 -> Source | E275: =' '!$A$170 -> Moment de l'enquête & Comparaison avec la branche
C281: i24 | D281: =__s24 -> 0
D283: =' '!$A$168 -> Description/Remarques
D285: =' '!$A$167 -> Calcul
D287: =' '!$A$169 -> Source | E287: =' '!$A$170 -> Moment de l'enquête & Comparaison avec la branche
C293: i25 | D293: =__s25 -> 0
D295: =' '!$A$168 -> Description/Remarques
D297: =' '!$A$167 -> Calcul
...

Sheet oIndikatoren
C1: =' '!A166 -> I N D I C A T E U R S S T R A T É G I Q U E
C5: o1 | D5: =_o1 -> Mesure 1
D7: =' '!$A$168 -> Description/Remarques
D9: =' '!$A$167 -> Calcul
D11: =' '!$A$169 -> Source | E11: =' '!$A$170 -> Moment de l'enquête & Comparaison avec la branche
C17: o2 | D17: =_o2 -> 0
D19: =' '!$A$168 -> Description/Remarques
D21: =' '!$A$167 -> Calcul
D23: =' '!$A$169 -> Source | E23: =' '!$A$170 -> Moment de l'enquête & Comparaison avec la branche
C29: o3 | D29: =_o3 -> 0
D31: =' '!$A$168 -> Description/Remarques
D33: =' '!$A$167 -> Calcul
D35: =' '!$A$169 -> Source | E35: =' '!$A$170 -> Moment de l'enquête & Comparaison avec la branche
C41: o4 | D41: =_o4 -> 0
D43: =' '!$A$168 -> Description/Remarques
D45: =' '!$A$167 -> Calcul
D47: =' '!$A$169 -> Source | E47: =' '!$A$170 -> Moment de l'enquête & Comparaison avec la branche
C53: o5 | D53: =_o5 -> 0
D55: =' '!$A$168 -> Description/Remarques
D57: =' '!$A$167 -> Calcul
D59: =' '!$A$169 -> Source | E59: =' '!$A$170 -> Moment de l'enquête & Comparaison avec la branche
C65: o6 | D65: =_o6 -> 0
D67: =' '!$A$168 -> Description/Remarques
D69: =' '!$A$167 -> Calcul
D71: =' '!$A$169 -> Source | E71: =' '!$A$170 -> Moment de l'enquête & Comparaison avec la branche
C77: o7 | D77: =_o7 -> 0
D79: =' '!$A$168 -> Description/Remarques
D81: =' '!$A$167 -> Calcul
D83: =' '!$A$169 -> Source | E83: =' '!$A$170 -> Moment de l'enquête & Comparaison avec la branche
C89: o8 | D89: =_o8 -> 0
D91: =' '!$A$168 -> Description/Remarques
D93: =' '!$A$167 -> Calcul
D95: =' '!$A$169 -> Source | E95: =' '!$A$170 -> Moment de l'enquête & Comparaison avec la branche
C101: o9 | D101: =_o9 -> 0
D103: =' '!$A$168 -> Description/Remarques
D105: =' '!$A$167 -> Calcul
D107: =' '!$A$169 -> Source | E107: =' '!$A$170 -> Moment de l'enquête & Comparaison avec la branche
C113: o10 | D113: =_o10 -> 0
D115: =' '!$A$168 -> Description/Remarques
D117: =' '!$A$167 -> Calcul
D119: =' '!$A$169 -> Source | E119: =' '!$A$170 -> Moment de l'enquête & Comparaison avec la branche
C125: o11 | D125: =_o11 -> 0
D127: =' '!$A$168 -> Description/Remarques
D129: =' '!$A$167 -> Calcul
D131: =' '!$A$169 -> Source | E131: =' '!$A$170 -> Moment de l'enquête & Comparaison avec la branche
C137: o12 | D137: =_o12 -> 0
D139: =' '!$A$168 -> Description/Remarques
D141: =' '!$A$167 -> Calcul
D143: =' '!$A$169 -> Source | E143: =' '!$A$170 -> Moment de l'enquête & Comparaison avec la branche
C149: o13 | D149: =_o13 -> 0
D151: =' '!$A$168 -> Description/Remarques
D153: =' '!$A$167 -> Calcul
D155: =' '!$A$169 -> Source | E155: =' '!$A$170 -> Moment de l'enquête & Comparaison avec la branche
C161: o14 | D161: =_o14 -> 0
D163: =' '!$A$168 -> Description/Remarques
D165: =' '!$A$167 -> Calcul
D167: =' '!$A$169 -> Source | E167: =' '!$A$170 -> Moment de l'enquête & Comparaison avec la branche
C173: o15 | D173: =_o15 -> 0
D175: =' '!$A$168 -> Description/Remarques
D177: =' '!$A$167 -> Calcul
D179: =' '!$A$169 -> Source | E179: =' '!$A$170 -> Moment de l'enquête & Comparaison avec la branche
C185: o16 | D185: =_o16 -> 0
D187: =' '!$A$168 -> Description/Remarques
D189: =' '!$A$167 -> Calcul
D191: =' '!$A$169 -> Source | E191: =' '!$A$170 -> Moment de l'enquête & Comparaison avec la branche
C197: o17 | D197: =_o17 -> 0
D199: =' '!$A$168 -> Description/Remarques
D201: =' '!$A$167 -> Calcul
D203: =' '!$A$169 -> Source | E203: =' '!$A$170 -> Moment de l'enquête & Comparaison avec la branche
C209: o18 | D209: =_o18 -> 0
D211: =' '!$A$168 -> Description/Remarques
D213: =' '!$A$167 -> Calcul
D215: =' '!$A$169 -> Source | E215: =' '!$A$170 -> Moment de l'enquête & Comparaison avec la branche
C221: o19 | D221: =_o19 -> 0
D223: =' '!$A$168 -> Description/Remarques
D225: =' '!$A$167 -> Calcul
D227: =' '!$A$169 -> Source | E227: =' '!$A$170 -> Moment de l'enquête & Comparaison avec la branche
C233: o20 | D233: =_o20 -> 0
D235: =' '!$A$168 -> Description/Remarques
D237: =' '!$A$167 -> Calcul
D239: =' '!$A$169 -> Source | E239: =' '!$A$170 -> Moment de l'enquête & Comparaison avec la branche
C245: o21 | D245: =_o21 -> 0
D247: =' '!$A$168 -> Description/Remarques
D249: =' '!$A$167 -> Calcul
D251: =' '!$A$169 -> Source | E251: =' '!$A$170 -> Moment de l'enquête & Comparaison avec la branche
C257: o22 | D257: =_o22 -> 0
D259: =' '!$A$168 -> Description/Remarques
D261: =' '!$A$167 -> Calcul
D263: =' '!$A$169 -> Source | E263: =' '!$A$170 -> Moment de l'enquête & Comparaison avec la branche
C269: o23 | D269: =_o23 -> 0
D271: =' '!$A$168 -> Description/Remarques
D273: =' '!$A$167 -> Calcul
D275: =' '!$A$169 -> Source | E275: =' '!$A$170 -> Moment de l'enquête & Comparaison avec la branche
C281: o24 | D281: =_o24 -> 0
D283: =' '!$A$168 -> Description/Remarques
D285: =' '!$A$167 -> Calcul
D287: =' '!$A$169 -> Source | E287: =' '!$A$170 -> Moment de l'enquête & Comparaison avec la branche
C293: o25 | D293: =_o25 -> 0
D295: =' '!$A$168 -> Description/Remarques
D297: =' '!$A$167 -> Calcul
...

Sheet 2Cockpit
B1: =' '!A216 -> Voulez-vous ouvrir le programme "Tableau de bord"?
D5: =' '!A217 -> Assurez-vous, que le fichier "01_Cockpit.xlsm" se touve dans le même répertoire!

Sheet Logo
D4: =' '!A45 -> Votre logo:
